Cogmind - Beta 12 --- EXPLORER MODE // 2023.09.30 @ 12:13:15 Player: PionFour Result: Escaped! Performance ------------- Evolutions (9) 4500 Regions Visited (32) 6400 Robots Destroyed (182) 910 Value Destroyed (16386) 16386 Prototype IDs (69) 1380 Alien Tech Used (0) 0 Bonus (22217) 22217 TOTAL SCORE: 51793 Bonus ------- High Alert Combat Kills 268 Follower Combat Kills 10790 Entered Garrisons 2000 Used RIF Installer 5500 Network Hubs Disabled 800 Aligned with FarCom 300 Win 3000 Friendly Fire -441 Cogmind --------- Core Integrity 1215/1600 Matter 280/300 Energy 22/150 System Corruption 0% Temperature Cool (0) Movement Rolling (82) Location To Epsilon Eridani Parts ------- > --- POWER (2) -------- Micro Antimatter Reactor > --- PROPULSION (4) --- Wheel Wheel Wheel Centrium Wheel > --- UTILITY (18) ----- Experimental Heat Sink ECM Suite Advanced Phase Shifter Improved Focal Shield Advanced Thermal Shield Experimental Hacking Suite Relay Coupler [Swarmer] (39) Relay Coupler [Grunt] (3) Relay Coupler [Brawler] (34) Relay Coupler [Duelist] (46) Relay Coupler [Sentry] (32) Relay Coupler [Sentry] (11) Relay Coupler [Heavy] (23) Relay Coupler [Proto] (15) Relay Coupler [Proto] (15) > --- WEAPON (2) ------- Nova Cannon Enhanced Nova Cannon > --- INVENTORY (5) ---- Light Quantum Reactor Improved Diametric Drive Enhanced Quantum Rifle Advanced Datajack Advanced Remote Datajack Peak State ------------ > --- POWER ------------ Micro Antimatter Reactor Micro Antimatter Reactor > --- PROPULSION ------- Biometal Heavy Treads Biometal Heavy Treads > --- UTILITY ---------- Experimental Heat Sink Huge Storage Unit Energy Well Improved Terrain Scanner Advanced Phase Shifter Advanced Cloaking Device Hardened Heavy Armor Plating Energy Mantle Experimental Hacking Suite Relay Coupler [NC] Relay Coupler [Swarmer] Relay Coupler [Grunt] Relay Coupler [Brawler] Relay Coupler [Duelist] Relay Coupler [Sentry] Relay Coupler [Heavy] Relay Coupler [Proto] > --- WEAPON ----------- Enhanced Quantum Rifle Enhanced Quantum Rifle > --- INVENTORY -------- Light Antimatter Reactor Light Quantum Reactor Centrium Wheel Advanced Target Analyzer Advanced Phase Shifter Improved Focal Shield Advanced Thermal Shield Antimissile System Relay Coupler [NC] Relay Coupler [Brawler] Relay Coupler [Brawler] Relay Coupler [Duelist] Relay Coupler [Sentry] Relay Coupler [Proto] Relay Coupler [Proto] Advanced System Restoration Module Gamma Rifle Enhanced Quantum Rifle Fusion Bomb Launcher Advanced Datajack Advanced Remote Datajack Advanced Remote Datajack [Rating: 174] Favorites ----------- Power Heavy Antimatter Reactor Engine Ion Engine Power Core Light Nuclear Core Reactor Heavy Antimatter Reactor Propulsion Improved Heavy Treads Treads Improved Heavy Treads Leg Improved Carbon-fiber Leg Wheel Wheel Hover Unit Cooled Gravmag System Utility Huge Storage Unit Device Remote Force Field Storage Huge Storage Unit Processor Advanced Salvage Targeting Computer Hackware Relay Coupler [NC] Protection Powered Armor Weapon Remote Datajack Energy Gun Quantum Rifle Energy Cannon Enhanced Nova Cannon Ballistic Gun Improved Heavy Machine Gun Ballistic Cannon Gauss Cannon Launcher Grenade Launcher Special Weapon Remote Datajack Impact Weapon Mace Slashing Weapon Great Axe Piercing Weapon Force Lance Special Melee Weapon Advanced Datajack Build | -11 -10 -10 -9 -9 -9 -8 -8 -8 -8 -8 -7 -7 -7 -7 -6 -6 -6 -6 -5 -5 -4 -4 -4 -4 -4 -3 -3 -2 -2 -2 -2 -1 ------- Run | Jun Mat Min Mat Min Exi Min Mat Gar Sto Gar Fac Gar Fac Gar Fac Gar Fac Gar Fac Gar Fac Ext Cet Arc Hub Res Gar Res Gar Res Gar Acc Slots Evolved 19 | . 1 . 2 . . . 2 . . . 2 . . . 2 . . . 2 . 2 . . . . 2 . 2 . . . 2 Power 1 | . . . . . . . . . . . . . . . 1 . . . . . . . . . . . . . . . . . Propulsion 2 | . . . 1 . . . . . . . 1 . . . . . . . . . . . . . . . . . . . . . Utility 16 | . 1 . 1 . . . 2 . . . 1 . . . 1 . . . 2 . 2 . . . . 2 . 2 . . . 2 Weapon . | . . . . . . . . . . . . . . . . . . . . . . . . . . . . . . . . . Parts Attached 520 | 3 5 6 7 1 3 . 4 2 9 14 32 34 2 11 17 14 6 14 6 12 10 13 4 15 56 8 54 12 27 6 48 65 Power 34 | . . . 2 . . . 1 . . . 2 . . . 1 . . . . . . . . . 5 1 12 1 2 . 4 3 Engine 3 | . . . 2 . . . . . . . 1 . . . . . . . . . . . . . . . . . . . . . Core 5 | . . . . . . . 1 . . . . . . . . . . . . . . . . . 2 . 2 . . . . . Reactor 26 | . . . . . . . . . . . 1 . . . 1 . . . . . . . . . 3 1 10 1 2 . 4 3 Propulsion 46 | 2 2 1 2 . . . . . . 3 10 4 . . . . . . . 1 6 . . 2 5 . 2 . 1 . . 5 Treads 22 | 2 . . . . . . . . . . 4 4 . . . . . . . 1 6 . . 2 . . 2 . 1 . . . Leg 3 | . . . . . . . . . . . 3 . . . . . . . . . . . . . . . . . . . . . Wheel 19 | . 2 1 2 . . . . . . 3 1 . . . . . . . . . . . . . 5 . . . . . . 5 Hover 2 | . . . . . . . . . . . 2 . . . . . . . . . . . . . . . . . . . . . Flight . | . . . . . . . . . . . . . . . . . . . . . . . . . . . . . . . . . Utility 230 | . 3 3 2 1 . . 3 . 5 4 8 8 . 5 6 10 5 9 6 11 4 5 . 10 22 5 21 9 15 4 22 24 Device 99 | . . 2 1 1 . . . . 1 1 3 4 . . 2 1 3 1 2 4 2 1 . 8 10 4 12 4 2 1 13 16 Storage 7 | . 1 . . . . . . . . . 1 . . 1 . 1 . . . . . . . . 1 . . 1 . 1 . . Processor 10 | . 1 . 1 . . . 1 . . 2 2 . . . . . . . . . . . . . 1 . 1 . . . 1 . Hackware 97 | . . . . . . . 1 . 4 1 1 4 . 3 4 6 2 8 3 6 1 4 . 1 8 . 8 3 13 1 7 8 Protection 17 | . 1 1 . . . . 1 . . . 1 . . 1 . 2 . . 1 1 1 . . 1 2 1 . 1 . 1 1 . Artifact . | . . . . . . . . . . . . . . . . . . . . . . . . . . . . . . . . . Weapon 210 | 1 . 2 1 . 3 . . 2 4 7 12 22 2 6 10 4 1 5 . . . 8 4 3 24 2 19 2 9 2 22 33 Energy Gun 72 | 1 . 1 . . 1 . . . 1 1 . 5 1 . 4 1 . 2 . . . 1 1 . 6 1 9 1 4 2 11 18 Energy Cannon 9 | . . . . . 2 . . . . . 1 . . . . . . . . . . . . . 2 . . . . . . 4 Ballistic Gun 9 | . . . . . . . . . . . 4 4 . . . . . . . . . . 1 . . . . . . . . . Ballistic Cannon 15 | . . . . . . . . 1 . 3 2 3 . . 3 . . . . . . 2 . . . . . . . . 1 . Launcher 20 | . . 1 . . . . . . . 2 . 1 . . . . . . . . . . 1 . 4 . 3 . 2 . 1 5 Special Weapon 45 | . . . . . . . . 1 2 1 3 3 1 3 3 1 . 2 . . . 1 1 . 1 . 5 1 3 . 8 5 Impact Weapon 2 | . . . 1 . . . . . . . . . . . . . . . . . . . . . 1 . . . . . . . Slashing Weapon 19 | . . . . . . . . . 1 . 2 5 . 2 . 1 1 1 . . . 2 . . 3 1 . . . . . . Piercing Weapon 7 | . . . . . . . . . . . . . . . . . . . . . . 1 . 2 4 . . . . . . . Special Melee Weapon 12 | . . . . . . . . . . . . 1 . 1 . 1 . . . . . 1 . 1 3 . 2 . . . 1 1 Unidentified Prototypes 22 | . . . . 1 3 . . . . . 7 1 . . . . . . . 1 . . 1 . 3 . 2 1 . . . 2 Corrupted Parts 3 | . . . . . . . . . . . . . . . . . . . . . . . . 2 . . . . . . . 1 System Corruption 11 | . . . . . . . . . . . . . . . . . . . . . . . . 10 . . . . . . . 1 Parts Lost 31 | . . 1 . . . . . . . 4 . . . . . . . . . . . . . . 6 . 4 . . . 5 11 Power 3 | . . . . . . . . . . . . . . . . . . . . . . . . . 1 . . . . . 1 1 Propulsion 7 | . . 1 . . . . . . . 4 . . . . . . . . . . . . . . . . . . . . . 2 Utility 17 | . . . . . . . . . . . . . . . . . . . . . . . . . 4 . 4 . . . 4 5 Weapon 4 | . . . . . . . . . . . . . . . . . . . . . . . . . 1 . . . . . . 3 Highest Loss Streak 4 | . . 1 . . . . . . . 2 . . . . . . . . . . . . . . 3 . 3 . . . 4 4 To Critical Strikes 1 | . . . . . . . . . . . . . . . . . . . . . . . . . . . . . . . . 1 Average Slot Usage (%) 89 | . 100 99 95 90 79 80 82 85 98 96 94 89 84 84 85 86 87 87 87 86 87 89 85 89 90 91 89 91 90 91 87 85 Engine 1 | . 12 12 10 10 10 10 7 . . . . . . . . . . . . . . . . . . . . . . . . . Reactor 7 | . . . . . . . . . . . 2 7 7 7 12 12 12 12 11 11 10 10 10 10 8 5 8 8 8 8 8 6 Treads 8 | . 23 . . . . . . . . . 7 19 14 14 12 12 12 12 11 11 9 10 10 10 5 . 6 8 7 8 8 4 Wheel 5 | . 1 24 30 30 30 30 25 25 25 21 5 . . . . . . . . . . . . . 7 13 3 . . . . 2 Device 11 | . . 11 15 10 10 10 8 8 8 8 9 16 21 7 10 10 9 10 10 5 12 9 10 14 15 15 11 15 10 8 10 15 Storage 7 | . 12 12 10 10 10 10 8 8 8 8 9 10 7 13 7 6 6 6 5 5 5 5 5 5 6 9 9 10 8 8 8 5 Processor 2 | . 12 . . 10 10 10 13 8 8 15 10 8 7 2 . . . . . . . . . . . 4 1 . . . 1 . Hackware 27 | . . . . . . . 2 8 14 16 15 14 14 25 31 30 33 32 33 36 35 40 40 36 33 27 34 37 42 45 37 37 Protection 3 | . 12 12 10 . . . 7 8 8 . 3 . . . . . . . 4 4 4 5 5 3 3 3 4 2 4 4 3 2 Energy Gun 5 | . 25 18 10 10 6 10 8 5 1 . . 2 8 3 4 2 3 4 5 5 5 4 1 2 3 3 5 4 4 4 5 3 Ballistic Cannon 1 | . . . . . . . . 2 5 12 3 3 . . . . . . . . . . 1 . . . . . . . . . Special Weapon 2 | . . . . . . . . 2 5 2 3 1 5 6 5 5 6 5 5 5 5 . 2 . . . 1 3 3 3 2 1 Slashing Weapon 1 | . . . . . . . . . 3 . 2 3 . 3 . 3 2 1 . . . 3 . . . 3 . . . . . . Naked Turns . | . . . . . . . . . . . . . . . . . . . . . . . . . . . . . . . . . Heaviest Build 168 | 18 91 96 98 100 103 103 107 107 107 104 116 120 116 124 154 141 141 137 137 153 156 156 156 146 154 160 168 156 159 148 157 164 Greatest Support 160 | 40 40 20 30 30 30 30 30 30 30 30 115 150 150 150 150 150 150 150 150 150 145 145 145 160 160 60 150 150 150 150 150 150 Greatest Overweight (x) 10 | . 4 4 3 3 3 3 3 3 3 9 10 . . . 1 . . . . 1 2 1 1 1 2 2 2 1 1 . 1 7 Average Overweight (x) 1 | . . 4 3 3 3 3 3 3 3 3 5 . . . . . . . . . . . . . . 2 . . . . . 1 Largest Inventory Capacity 25 | 10 25 25 25 25 25 25 25 25 25 25 25 25 25 25 25 25 25 25 25 25 25 25 25 25 25 25 25 25 25 25 25 25 Average Capacity 24 | 10 15 25 25 25 25 25 25 25 25 25 25 25 25 25 25 25 25 25 25 25 25 25 25 25 25 25 25 25 25 25 25 23 Most Carried 25 | 7 16 23 25 25 25 25 24 25 25 25 25 25 25 25 25 25 23 25 25 25 25 25 25 24 25 25 25 25 25 25 25 25 Average Carried 22 | 7 9 19 23 24 25 24 20 22 22 20 24 24 24 24 23 22 21 22 22 22 24 24 23 22 22 24 23 24 24 24 23 20 Final Capacity 25 | 10 25 25 25 25 25 25 25 25 25 25 25 25 25 25 25 25 25 25 25 25 25 25 25 25 25 25 25 25 25 25 25 5 Final Carried 25 | 7 16 22 25 25 25 24 21 25 21 24 25 25 25 25 22 22 22 25 22 25 24 25 22 24 24 25 25 24 25 24 24 5 Class Distribution -------------------- 71% | Botlord-Mutant 11% | Bothacker-Mutant 10% | Hacker-Mutant 4% | Scavenger-Mutant Dominant Class ---------------- Hacker-Mutant | -10/Materials Hacker-Mutant | -10/Mines Hacker-Mutant | -9/Materials Scavenger-Mutant | -9/Mines Scavenger-Mutant | -9/Exiles Scavenger-Mutant | -8/Mines Scavenger-Mutant | -8/Materials Hacker-Mutant | -8/Garrison Commander-Mutant | -8/Storage Bothacker-Mutant | -8/Garrison Bothacker-Mutant | -7/Factory Bothacker-Mutant | -7/Garrison Botlord-Mutant | -7/Factory Botlord-Mutant | -7/Garrison Botlord-Mutant | -6/Factory Botlord-Mutant | -6/Garrison Botlord-Mutant | -6/Factory Botlord-Mutant | -6/Garrison Botlord-Mutant | -5/Factory Botlord-Mutant | -5/Garrison Botlord-Mutant | -4/Factory Botlord-Mutant | -4/Extension Botlord-Mutant | -4/Cetus Botlord-Mutant | -4/Archives Botlord-Mutant | -4/Hub_04(d) Botlord-Mutant | -3/Research Botlord-Mutant | -3/Garrison Botlord-Mutant | -2/Research Botlord-Mutant | -2/Garrison Botlord-Mutant | -2/Research Botlord-Mutant | -2/Garrison Botlord-Mutant | -1/Access Resources | -11 -10 -10 -9 -9 -9 -8 -8 -8 -8 -8 -7 -7 -7 -7 -6 -6 -6 -6 -5 -5 -4 -4 -4 -4 -4 -3 -3 -2 -2 -2 -2 -1 ----------- Run | Jun Mat Min Mat Min Exi Min Mat Gar Sto Gar Fac Gar Fac Gar Fac Gar Fac Gar Fac Gar Fac Ext Cet Arc Hub Res Gar Res Gar Res Gar Acc Matter Collected 10197 | 230 43 77 90 15 . 59 28 . 235 547 526 668 54 250 217 490 134 331 71 202 129 215 83 211 701 64 1351 427 929 210 574 1036 Remotely . | . . . . . . . . . . . . . . . . . . . . . . . . . . . . . . . . . Salvage Created 7841 | . 288 204 344 . . 49 98 113 111 535 322 766 . 296 600 95 . 72 77 118 . 20 90 208 1019 . 505 117 184 . 637 973 Parts 363 | . 17 13 22 . . 1 6 5 4 30 15 37 . 10 27 9 . 6 2 2 . 2 1 18 41 . 13 . 11 . 25 46 Haulers Intercepted . | . . . . . . . . . . . . . . . . . . . . . . . . . . . . . . . . . Recyclers Shooed 1 | . . . . . . . . . . . . . . . . . . . . . . . . . . . . 1 . . . . Parts Field Recycled . | . . . . . . . . . . . . . . . . . . . . . . . . . . . . . . . . . Retrieved Matter . | . . . . . . . . . . . . . . . . . . . . . . . . . . . . . . . . . Parts Self-Destructed . | . . . . . . . . . . . . . . . . . . . . . . . . . . . . . . . . . Prevented . | . . . . . . . . . . . . . . . . . . . . . . . . . . . . . . . . . Kills | -11 -10 -10 -9 -9 -9 -8 -8 -8 -8 -8 -7 -7 -7 -7 -6 -6 -6 -6 -5 -5 -4 -4 -4 -4 -4 -3 -3 -2 -2 -2 -2 -1 ------- Run | Jun Mat Min Mat Min Exi Min Mat Gar Sto Gar Fac Gar Fac Gar Fac Gar Fac Gar Fac Gar Fac Ext Cet Arc Hub Res Gar Res Gar Res Gar Acc Combat Hostiles Destroyed 143 | . 3 8 8 . . 1 . 2 2 20 3 14 . 7 9 2 . 3 1 2 . . 2 . 16 . 15 . 5 . 8 12 Melee 13 | . . . . . . . . . . . . 1 . 3 . 1 . 1 . . . . . . 7 . . . . . . . Guns 69 | . 2 5 2 . . 1 . 2 2 3 1 7 . 4 6 1 . 2 1 1 . . 1 . 4 . 7 . . . 7 10 Cannons 22 | . . . . . . . . . . 15 2 2 . . 3 . . . . . . . . . . . . . . . . . AOE 29 | . . 3 5 . . . . . . 2 . 4 . . . . . . . . . . 1 . 2 . 7 . 5 . . . Classes Destroyed 19 | . 6 2 2 . . . . 1 . 2 3 . . 1 . . . . . . . . . . . . 1 . 1 . . . Worker 10 | . 2 . . . . . . . . . 2 . . . 2 . . . . . . . . . . . . . . . . 4 Builder 7 | . 2 . . . . . . . . . . . . . 2 . . . . . . 1 . . 1 . . . . . . 1 Tunneler 2 | . . 1 . . . . . . . . . . . . . . . . . . . . . . . . . . . . . 1 Recycler 5 | . 1 . . . . . . . . . 2 . . . 1 . . . . . . . . . . . . 1 . . . . Mechanic 2 | . . . 2 . . . . . . . . . . . . . . . . . . . . . . . . . . . . . Operator 8 | . . . . . . . . . . . 1 . . . . . . . . . . . . 6 . . . . . . . 1 Watcher 7 | . 2 . 2 . . . 3 . . . . . . . . . . . . . . . . . . . . . . . . . Swarmer 30 | . 2 2 4 . . . . . . 5 . 7 . 2 . . . 2 . . . . . . . . 6 . . . . . Cutter 2 | . . . . . . . . . . . . . . . . . . . . . . . . . . . . . 2 . . . Grunt 42 | . 1 3 1 . . 1 . 1 . 9 . 3 . 3 4 . . . . 1 . . 2 . 6 . 3 . 1 . . 3 Brawler 2 | . . . . . . . . . . 1 . . . . . . . . 1 . . . . . . . . . . . . . Duelist 2 | . . . . . . . . . . 1 . . . . 1 . . . . . . . . . . . . . . . . . Protector 1 | . . . . . . . . . . . 1 . . . . . . . . . . . . . . . . . . . . . Sentry 13 | . . . 3 . . . . . 1 3 1 1 . . 1 1 . . . . . . . . 2 . . . . . . . Specialist 2 | . . . . . . . . . . . . . . 1 . . . . . 1 . . . . . . . . . . . . Hunter 12 | . . . . . . . . 1 1 1 . . . 1 1 . . . . . . . . . . . 3 . . . 2 2 Programmer 30 | . . . . . . . . . . . 1 3 . . 2 1 . 1 . . . . . . 6 . 2 . 2 . 5 7 Behemoth 2 | . . . . . . . . . . . . . . . . . . . . . . . . . . . 1 . . . 1 . Lightning 2 | . . . . . . . . . . . . . . . . . . . . . . . . . 2 . . . . . . . Assembled 3 | . . 3 . . . . . . . . . . . . . . . . . . . . . . . . . . . . . . Thug 1 | . . . . . . . . . . . . . . . . . . . . . . . . . . . 1 . . . . . Best Kill Streak 7 | . 2 3 5 . . 1 1 1 2 4 2 6 . 2 5 1 . 1 1 1 . 1 2 1 3 . 6 1 4 . 2 7 Combat Bots Only 6 | . 2 3 2 . . 1 . 1 2 4 1 6 . 2 3 1 . 1 1 1 . . 2 . 3 . 6 . 4 . 2 4 Max Kills in Single Turn 4 | . 1 3 1 . . 1 1 1 1 2 1 4 . 1 2 1 . 1 1 1 . 1 1 1 2 . 3 1 4 . 1 2 Gunslinging 1 | . . . . . . . . . . . . 1 . . . . . . . . . . . . . . 1 . . . . . Exploded 4 | . . 3 1 . . . . . . 2 . 4 . . . . . . . . . . 1 . 1 . 3 . 4 . . . Melee 1 | . . . . . . . . . . . . 1 . 1 . 1 . 1 . . . . . . 1 . . . . . . . Uniques/NPCs Destroyed . | . . . . . . . . . . . . . . . . . . . . . . . . . . . . . . . . . Combat | -11 -10 -10 -9 -9 -9 -8 -8 -8 -8 -8 -7 -7 -7 -7 -6 -6 -6 -6 -5 -5 -4 -4 -4 -4 -4 -3 -3 -2 -2 -2 -2 -1 -------- Run | Jun Mat Min Mat Min Exi Min Mat Gar Sto Gar Fac Gar Fac Gar Fac Gar Fac Gar Fac Gar Fac Ext Cet Arc Hub Res Gar Res Gar Res Gar Acc Damage Taken 9141 | . 21 251 123 . . 13 18 . 41 323 241 402 . 125 174 212 168 258 32 353 24 136 56 54 1217 . 936 23 497 78 1132 2233 Core 984 | . . 20 24 . . . . . 4 42 46 42 . 12 15 19 4 42 . 49 . 26 6 . 96 . 31 . 35 . 86 385 Absorbed by Shields 3176 | . . . . . . . . . 32 203 72 270 . 100 135 116 35 197 29 299 22 76 50 50 459 . 258 21 214 46 152 340 Redirected to Shielding 110 | . . . . . . . . . . . . . . . . . . . 7 18 . 6 . 4 75 . . . . . . . Regen/Repaired (Parts) 577 | . . . . . . . . . 3 . . . . . 53 . 228 141 . . . . . . . . . 152 . . . . Core Remaining (%) 90 | 100 . 92 . . . 94 . . . 91 . . . 85 . . . 90 . 95 . . . . 88 . 97 . . . 91 75 Volleys Fired 934 | . 21 17 35 . . . . 12 16 53 27 71 1 45 66 49 28 57 15 55 7 5 6 6 30 . 66 22 51 20 51 102 Largest 2 | . 2 2 1 . . . . 1 1 2 2 2 1 1 1 1 1 1 1 1 1 1 1 1 2 . 2 2 2 1 2 2 Hottest 188 | . 90 90 50 . . . . 48 50 96 96 109 5 94 94 94 94 94 94 94 5 94 94 94 188 . 188 130 130 75 140 140 Shots Fired 1108 | . 40 25 35 1 . 2 8 22 16 73 41 92 1 45 66 49 28 57 15 55 7 5 6 6 39 . 79 23 56 20 82 114 Gun 584 | . 40 24 32 1 . 2 8 10 5 6 13 52 . 20 31 12 8 34 5 28 . 2 1 6 23 . 49 9 18 5 67 73 Cannon 156 | . . . . . . . . 2 3 62 23 31 . . 13 . . . . . . 2 2 . 10 . . . . . . 8 Launcher 30 | . . 1 3 . . . . . . 1 . 1 . . . . . . . . . . 2 . 3 . 6 . 4 . 1 8 Special 338 | . . . . . . . . 10 8 4 5 8 1 25 22 37 20 23 10 27 7 1 1 . 3 . 24 14 34 15 14 25 Kinetic 178 | . . . . . . . . 2 3 62 36 58 . . 13 . . . . . . 2 2 . . . . . . . . . Thermal 443 | . 40 17 . . . 2 8 10 . . . 15 . 20 31 12 8 34 5 28 . 2 1 6 23 . 32 9 18 1 58 63 Explosive 30 | . . 1 3 . . . . . . 1 . 1 . . . . . . . . . . 2 . 3 . 6 . 4 . 1 8 Electromagnetic 119 | . . 7 32 1 . . . . 5 6 . 10 . . . . . . . . . . . . 10 . 17 . . 4 9 18 Robot Hit Streak 45 | . 17 21 34 . . 3 6 14 20 27 24 45 2 23 29 20 21 10 7 14 7 2 4 10 22 . 25 17 34 12 21 45 Robot Miss Streak 2 | . 1 1 1 . . . 1 2 . 2 1 2 . 1 1 2 1 1 1 1 1 2 . . 2 . 1 1 1 2 1 2 Penetration Max 1 | . . . . . . . . . . 1 1 . . . . . . . . . . . . . . . . . . . . . Secondary Targets 5 | . . . . . . . . . . . . 1 . . . . . . . . . . . . . . 2 . . . 1 1 Max Gunslinging Chain 1 | . . . . . . . . . . . . 1 . . . . . . . . . . . . . . 1 . . . 1 1 Autonomous 20 | . . . . . . 2 8 10 . . . . . . . . . . . . . . . . . . . . . . . . Shots Hit Robots 922 | . 32 22 28 . . 2 7 17 14 54 41 65 1 39 42 41 24 28 13 34 6 4 4 19 75 . 66 21 44 16 72 91 Core Hits 321 | . 13 21 16 . . 2 3 4 3 29 11 28 . 11 20 2 . 4 1 3 . 1 7 9 25 . 42 3 19 . 15 29 Critical Kills . | . . . . . . . . . . . . . . . . . . . . . . . . . . . . . . . . . Critical Parts Destroyed 1 | . . . . . . . . . . . . 1 . . . . . . . . . . . . . . . . . . . . Critical Strikes 24 | . 4 . . . . . . . . 6 2 3 . . . . . . . . . . . 1 8 . . . . . . . Burn 4 | . 4 . . . . . . . . . . . . . . . . . . . . . . . . . . . . . . . Destroy 1 | . . . . . . . . . . . . 1 . . . . . . . . . . . . . . . . . . . . Blast 9 | . . . . . . . . . . 6 2 1 . . . . . . . . . . . . . . . . . . . . Corrupt 3 | . . . . . . . . . . . . . . . . . . . . . . . . . 3 . . . . . . . Sever 1 | . . . . . . . . . . . . 1 . . . . . . . . . . . . . . . . . . . . Impale 6 | . . . . . . . . . . . . . . . . . . . . . . . . 1 5 . . . . . . . Melee Attacks 154 | . . . 1 . . . . . 4 . 4 21 . 10 1 14 1 13 . . . 4 . 13 51 . 8 . . . 8 1 Impact 1 | . . . 1 . . . . . . . . . . . . . . . . . . . . . . . . . . . . . Slashing 75 | . . . . . . . . . 4 . 4 21 . 10 1 14 1 13 . . . 4 . . . . 3 . . . . . Piercing 53 | . . . . . . . . . . . . . . . . . . . . . . . . 10 43 . . . . . . . Sneak Attacks 30 | . . . . . . . . . . . 4 . . . . 1 . 1 . . . 2 . 12 4 . . . . . 5 1 Combat Hostiles 10 | . . . . . . . . . . . . . . . . 1 . 1 . . . . . . 3 . . . . . 5 . Follow-up Attacks . | . . . . . . . . . . . . . . . . . . . . . . . . . . . . . . . . . Damage Inflicted 24699 | . 393 503 896 . . 61 166 285 112 1511 1244 1712 . 495 1558 360 173 390 193 314 1 240 566 949 3067 . 2588 245 1427 112 1996 3142 Guns 12140 | . 390 301 521 . . 61 166 285 87 94 285 1007 . 371 695 214 173 158 163 283 . 28 30 171 474 . 1062 245 435 112 1887 2442 Cannons 3109 | . . . . . . . . . 25 1274 609 383 . . 362 . . . . . . . 155 . 301 . . . . . . . Explosions 5684 | . . 202 375 . . . . . . 143 . 205 . . 499 . . . . . . . 381 . 591 . 1526 . 992 . 109 661 Melee 3641 | . . . . . . . . . . . 350 117 . 124 . 146 . 232 . . . 200 . 778 1694 . . . . . . . Ramming 125 | . 3 . . . . . . . . . . . . . 2 . . . 30 31 1 12 . . 7 . . . . . . 39 Kinetic 3639 | . . . . . . . . . 25 1274 894 929 . . 362 . . . . . . . 155 . . . . . . . . . Thermal 9795 | . 390 174 160 . . 61 166 285 . . . 307 . 371 1187 214 173 158 163 283 . 28 30 171 474 . 657 245 435 . 1733 1930 Explosive 4989 | . . 202 215 . . . . . . 143 . 205 . . . . . . . . . . 381 . 555 . 1526 . 992 . 109 661 Electromagnetic 2510 | . . 127 521 . . . . . 87 94 . 154 . . 7 . . . . . . . . . 337 . 405 . . 112 154 512 Impact . | . . . . . . . . . . . . . . . . . . . . . . . . . . . . . . . . . Slashing 1169 | . . . . . . . . . . . 350 117 . 124 . 146 . 232 . . . 200 . . . . . . . . . . Piercing 2472 | . . . . . . . . . . . . . . . . . . . . . . . . 778 1694 . . . . . . . Highest Corruption 10 | . . . 1 1 1 1 . . 1 1 . 1 1 1 . 1 . . . . . . . 10 6 . 2 . . . 3 4 Average Corruption 1 | . . . 1 1 1 1 . . 1 1 . 1 1 1 . 1 . . . . . . . 6 4 . 1 . . . 2 2 Corruption Purged 38 | . . . . . . . . . . . . . . . . 1 . . . . . . . 10 12 . 2 . . . 3 10 Corruption Blocked . | . . . . . . . . . . . . . . . . . . . . . . . . . . . . . . . . . Effects 65 | . . . 1 2 3 3 . . . 6 . 7 2 12 . . . . . . . . . 3 16 . 3 . . . 6 1 Message Errors 16 | . . . . . . . . . . 2 . 2 1 4 . . . . . . . . . . 3 . 2 . . . 2 . Matter Fused 17 | . . . 1 . . 3 . . . 1 . 3 . . . . . . . . . . . 2 6 . . . . . 1 . Heat Flow Errors 10 | . . . . . 2 . . . . 1 . . 1 3 . . . . . . . . . 1 1 . . . . . . 1 Energy Discharges 6 | . . . . . . . . . . . . 1 . 2 . . . . . . . . . . 2 . . . . . 1 . Parts Rejected 2 | . . . . . . . . . . . . . . 1 . . . . . . . . . . 1 . . . . . . . Parts Fused 2 | . . . . . 1 . . . . 1 . . . . . . . . . . . . . . . . . . . . . . Data Loss (minor) 6 | . . . . . . . . . . 1 . . . 2 . . . . . . . . . . 2 . . . . . 1 . Data Loss (major) 1 | . . . . . . . . . . . . . . . . . . . . . . . . . 1 . . . . . . . Misfires 3 | . . . . 1 . . . . . . . 1 . . . . . . . . . . . . . . . . . . 1 . Alerts 1 | . . . . 1 . . . . . . . . . . . . . . . . . . . . . . . . . . . . Weapon Failures 1 | . . . . . . . . . . . . . . . . . . . . . . . . . . . 1 . . . . . Overload Shots . | . . . . . . . . . . . . . . . . . . . . . . . . . . . . . . . . . Overflow Damage 885 | . . . 62 . . . . . . . 151 26 . . 178 8 . 15 . . . 48 . 181 177 . 19 . 20 . . . Projectiles 117 | . . . . . . . . . . . 50 . . . 67 . . . . . . . . . . . . . . . . . Explosions 308 | . . . 62 . . . . . . . . 26 . . 111 . . . . . . . . . 70 . 19 . 20 . . . Melee 460 | . . . . . . . . . . . 101 . . . . 8 . 15 . . . 48 . 181 107 . . . . . . . Knockbacks 18 | . . . . . . . . . . 4 5 8 . . . . . . . . . . . . . . . . . . . 1 Impact 1 | . . . . . . . . . . . . . . . . . . . . . . . . . . . . . . . . 1 Kinetic 13 | . . . . . . . . . . 4 5 4 . . . . . . . . . . . . . . . . . . . . Secondary 4 | . . . . . . . . . . . . 4 . . . . . . . . . . . . . . . . . . . . Self-Inflicted Damage 197 | . . . 15 . . . . . . . . . . . . . . . . . . . . . 128 . . . 35 . . 19 Shots 7 | . . . 2 . . . . . . . . . . . . . . . . . . . . . 4 . . . 1 . . . Rammed 12 | . 1 . . . . . . . . . . . . . 1 . . . 1 3 1 1 . . 1 . . . . . . 3 Targets Rammed 12 | . 1 . . . . . . . . . . . . . 1 . . . 1 3 1 1 . . 1 . . . . . . 3 Kicked . | . . . . . . . . . . . . . . . . . . . . . . . . . . . . . . . . . Crushed . | . . . . . . . . . . . . . . . . . . . . . . . . . . . . . . . . . Highest Temperature 397 | . 141 300 65 6 251 . . 6 24 255 59 15 219 155 397 205 246 168 162 228 . 64 44 191 397 . 208 52 204 22 300 228 Average Temperature 76 | . 48 107 20 4 126 . . 4 9 74 33 5 123 47 109 68 99 49 74 82 . 32 22 105 130 . 63 23 56 12 102 75 Received Heat Transfer 1968 | . 12 87 87 . . 9 . . 7 236 40 118 . 52 75 44 26 55 4 112 . 31 5 16 348 . 148 . 106 . 262 88 Effects 6 | . . . . . . . . . . . . . . . 1 3 1 . . . . . . . 1 . . . . . . . Shutdowns 1 | . . . . . . . . . . . . . . . . . . . . . . . . . 1 . . . . . . . Energy Bleed 2 | . . . . . . . . . . . . . . . 1 . 1 . . . . . . . . . . . . . . . Interference 3 | . . . . . . . . . . . . . . . . 3 . . . . . . . . . . . . . . . . Siege Activations . | . . . . . . . . . . . . . . . . . . . . . . . . . . . . . . . . . Robots Corrupted 10 | . . . 1 . . . . . . . . 1 . . . . . . . . . . . . 3 . 1 . . . 1 3 Combat Hostiles 8 | . . . 1 . . . . . . . . . . . . . . . . . . . . . 3 . 1 . . . 1 2 Parts Fried 22 | . . . 1 . . . . . . 1 . 4 . . 1 . . . . . . . . . 7 . 2 . . . 1 5 Impact Corruptions . | . . . . . . . . . . . . . . . . . . . . . . . . . . . . . . . . . Robots Melted 2 | . 1 . . . . . . . . . . . . . . . . . . 1 . . . . . . . . . . . . Combat Hostiles 2 | . 1 . . . . . . . . . . . . . . . . . . 1 . . . . . . . . . . . . Parts Melted 26 | . 2 1 . . . . . . 2 . . 2 . 2 . . . 1 . 2 . . . . 1 . . 3 . . 8 2 Heat Transferred 12087 | . 1374 447 250 . . 74 222 370 . . . 407 . 462 1288 165 222 185 185 370 . 18 37 222 555 . 759 296 481 . 1774 1924 Parts Sabotaged . | . . . . . . . . . . . . . . . . . . . . . . . . . . . . . . . . . Parts Stolen . | . . . . . . . . . . . . . . . . . . . . . . . . . . . . . . . . . Parts Stripped . | . . . . . . . . . . . . . . . . . . . . . . . . . . . . . . . . . Power Chain Reactions 4 | . . . 4 . . . . . . . . . . . . . . . . . . . . . . . . . . . . . Missiles Intercepted . | . . . . . . . . . . . . . . . . . . . . . . . . . . . . . . . . . Alert | -11 -10 -10 -9 -9 -9 -8 -8 -8 -8 -8 -7 -7 -7 -7 -6 -6 -6 -6 -5 -5 -4 -4 -4 -4 -4 -3 -3 -2 -2 -2 -2 -1 ------- Run | Jun Mat Min Mat Min Exi Min Mat Gar Sto Gar Fac Gar Fac Gar Fac Gar Fac Gar Fac Gar Fac Ext Cet Arc Hub Res Gar Res Gar Res Gar Acc Peak Influence 1114 | . 122 91 290 26 . 30 42 362 351 613 246 574 234 1065 451 295 430 1114 717 489 281 100 96 91 539 92 724 305 445 206 211 151 Initial 434 | . . 6 11 26 . . 2 10 129 163 238 49 223 126 415 1 114 168 434 166 190 100 . 26 21 83 6 305 . 187 . 95 Average 239 | . 52 44 101 26 . 8 22 161 188 430 107 349 224 703 197 162 278 554 439 354 228 24 26 77 96 77 364 157 300 137 72 50 Maximum Alert Level 4 | . . . 1 . . . . 1 1 2 1 2 1 3 2 1 2 4 3 2 1 . . . 2 . 3 1 2 1 1 . Low Security (%) 53 | 100 100 100 77 100 . 100 100 64 63 11 65 25 . 4 52 74 19 3 . 22 32 100 100 100 89 100 14 70 9 97 97 100 Level 1 24 | . . . 22 . . . . 35 36 29 34 47 100 17 19 25 66 25 21 46 67 . . . 3 . 45 29 60 2 2 . Level 2 17 | . . . . . . . . . . 59 . 27 . 24 28 . 14 45 72 31 . . . . 7 . 39 . 30 . . . Level 3 4 | . . . . . . . . . . . . . . 53 . . . 17 5 . . . . . . . 1 . . . . . Level 4 . | . . . . . . . . . . . . . . . . . . 7 . . . . . . . . . . . . . . Level 5 . | . . . . . . . . . . . . . . . . . . . . . . . . . . . . . . . . . High Security . | . . . . . . . . . . . . . . . . . . . . . . . . . . . . . . . . . Max Security . | . . . . . . . . . . . . . . . . . . . . . . . . . . . . . . . . . Squads Dispatched 41 | . . 1 . . . . . . 3 . 1 . . . 5 . 5 . 1 . 1 . 1 . 8 . . 6 . 3 . 6 Investigation 11 | . . 1 . . . . . . 1 . . . . . . . 2 . . . 1 . 1 . 4 . . . . . . 1 Extermination 11 | . . . . . . . . . . . 1 . . . 2 . . . 1 . . . . . 2 . . 1 . . . 4 Reinforcement 11 | . . . . . . . . . 1 . . . . . 3 . 2 . . . . . . . 2 . . 2 . . . 1 Assault 1 | . . . . . . . . . . . . . . . . . 1 . . . . . . . . . . . . . . . Garrison 7 | . . . . . . . . . 1 . . . . . . . . . . . . . . . . . . 3 . 3 . . Intercept . | . . . . . . . . . . . . . . . . . . . . . . . . . . . . . . . . . Searches Triggered . | . . . . . . . . . . . . . . . . . . . . . . . . . . . . . . . . . Construction Impeded 3 | . . . . . . . . . . . . . . . 1 . 1 . . . . . . . 1 . . . . . . . Haulers Reinforced 2 | . . . . . . . . . . . . . . . . . 1 . . . . . . . 1 . . . . . . . Active Scanning Responses . | . . . . . . . . . . . . . . . . . . . . . . . . . . . . . . . . . Cargo Convoy Interrupts 1 | . . . . . . . . . . . 1 . . . . . . . . . . . . . . . . . . . . . Alert ID Control Effect 140 | . . . . . . . . . . . . . . 1 6 10 4 8 8 10 3 8 6 4 5 . 8 11 18 13 3 14 Stealth | -11 -10 -10 -9 -9 -9 -8 -8 -8 -8 -8 -7 -7 -7 -7 -6 -6 -6 -6 -5 -5 -4 -4 -4 -4 -4 -3 -3 -2 -2 -2 -2 -1 --------- Run | Jun Mat Min Mat Min Exi Min Mat Gar Sto Gar Fac Gar Fac Gar Fac Gar Fac Gar Fac Gar Fac Ext Cet Arc Hub Res Gar Res Gar Res Gar Acc Distress Signals 8 | . 1 . . . . . . . . . 1 . . . 1 . 1 . . . . . 1 . 1 . . 1 . 1 . . Communications Jammed 679 | . . . . . . . . . . . . . . . . . . . 3 . 1 184 . . 210 . 13 128 . 93 . 47 Distress Signals 678 | . . . . . . . . . . . . . . . . . . . 3 . . 184 . . 210 . 13 128 . 93 . 47 Times Spotted 639 | . 6 22 19 . . 2 4 . 9 23 14 27 . 41 27 31 33 33 18 34 11 12 10 12 44 1 55 26 35 17 20 53 Peak Tracking Total 18 | . 2 18 4 . . 2 1 . 2 6 6 6 . 6 4 5 7 3 4 6 4 5 5 1 7 1 14 5 5 4 4 5 Tactical Retreats 21 | . . . . . . . 1 . . 1 . . . 2 2 . 2 . . 2 . . . . 2 . 2 . . . 3 4 Traps | -11 -10 -10 -9 -9 -9 -8 -8 -8 -8 -8 -7 -7 -7 -7 -6 -6 -6 -6 -5 -5 -4 -4 -4 -4 -4 -3 -3 -2 -2 -2 -2 -1 ------- Run | Jun Mat Min Mat Min Exi Min Mat Gar Sto Gar Fac Gar Fac Gar Fac Gar Fac Gar Fac Gar Fac Ext Cet Arc Hub Res Gar Res Gar Res Gar Acc Traps Triggered 36 | . . . 1 . . . . . . 4 . . . 2 . . 2 5 2 2 1 . . . . . 8 . 6 2 . 1 Indirectly . | . . . . . . . . . . . . . . . . . . . . . . . . . . . . . . . . . Trap Hack Attempts 18 | . . . . . . . . . . . . . . 5 . 9 . . . . . . . . . . . . . . 4 . Triggered . | . . . . . . . . . . . . . . . . . . . . . . . . . . . . . . . . . Disarmed 3 | . . . . . . . . . . . . . . . . 1 . . . . . . . . . . . . . . 2 . Reprogrammed 3 | . . . . . . . . . . . . . . 1 . . . . . . . . . . 1 . . . . . 1 . Reused 1 | . . . . . . . . . . . . . . . . . . . . . . . . . 1 . . . . . . . Traps Extracted . | . . . . . . . . . . . . . . . . . . . . . . . . . . . . . . . . . Installed . | . . . . . . . . . . . . . . . . . . . . . . . . . . . . . . . . . Triggered 2 | . . . . . . . . . . . . . . . 1 . . . . . . . . . 1 . . . . . . . Machines | -11 -10 -10 -9 -9 -9 -8 -8 -8 -8 -8 -7 -7 -7 -7 -6 -6 -6 -6 -5 -5 -4 -4 -4 -4 -4 -3 -3 -2 -2 -2 -2 -1 ---------- Run | Jun Mat Min Mat Min Exi Min Mat Gar Sto Gar Fac Gar Fac Gar Fac Gar Fac Gar Fac Gar Fac Ext Cet Arc Hub Res Gar Res Gar Res Gar Acc Machines Disabled 112 | . . . 1 . . . . 2 1 4 . 3 . 6 13 3 10 10 8 7 2 1 2 3 7 . 10 2 8 . 6 3 Max in Single Turn 8 | . . . 1 . . . . 1 1 1 . 2 . 2 8 1 . 1 . 2 . 1 . . 3 . 2 . 5 . 2 1 Garrison Relay 35 | . . . . . . . . 2 . 3 . 1 . 2 . 2 . 8 . 2 . . . . . . 5 . 7 . 3 . Phase Generator 3 | . . . . . . . . . . . . 1 . 1 . . . . . 1 . . . . . . . . . . . . Network Hub 4 | . . . . . . . . . . . . . . . . . . . . . . . . . 4 . . . . . . . Machines Repaired 1 | . . . . . . . . . . . . . . . . . . . . . . . . . 1 . . . . . . . Machines Sabotaged . | . . . . . . . . . . . . . . . . . . . . . . . . . . . . . . . . . Overloaded Fab Kills . | . . . . . . . . . . . . . . . . . . . . . . . . . . . . . . . . . Hacking | -11 -10 -10 -9 -9 -9 -8 -8 -8 -8 -8 -7 -7 -7 -7 -6 -6 -6 -6 -5 -5 -4 -4 -4 -4 -4 -3 -3 -2 -2 -2 -2 -1 --------- Run | Jun Mat Min Mat Min Exi Min Mat Gar Sto Gar Fac Gar Fac Gar Fac Gar Fac Gar Fac Gar Fac Ext Cet Arc Hub Res Gar Res Gar Res Gar Acc Machines Accessed 100 | . 4 1 6 1 2 . 4 4 6 2 5 1 3 3 3 2 4 2 2 1 3 12 2 . 6 4 3 4 2 1 1 6 Terminals 78 | . 4 . 6 . . . 2 4 5 2 3 1 2 3 1 2 2 2 . 1 3 12 2 . 6 1 3 2 2 . 1 6 Fabricators 3 | . . . . . . . . . . . . . . . . . 1 . 1 . . . . . . 1 . . . . . . Repair Stations 2 | . . . . . . . . . . . . . . . 1 . . . . . . . . . . . . 1 . . . . Recycling Units . | . . . . . . . . . . . . . . . . . . . . . . . . . . . . . . . . . Scanalyzers 3 | . . . . . . . 1 . . . 1 . . . . . . . . . . . . . . 1 . . . . . . Garrison Access 10 | . . . . . . . 1 . 1 . 1 . 1 . 1 . 1 . 1 . . . . . . 1 . 1 . 1 . . Total Hacks 292 | . 10 1 32 1 2 . 9 7 14 4 11 3 9 5 5 4 8 4 3 4 9 33 6 . 30 16 7 18 9 1 4 23 Successful 183 | . 8 1 27 1 2 . 8 2 10 1 7 . 8 1 4 1 7 2 2 1 5 18 4 . 22 6 5 14 3 1 2 10 Failed 109 | . 2 . 5 . . . 1 5 4 3 4 3 1 4 1 3 1 2 1 3 4 15 2 . 8 10 2 4 6 . 2 13 Catastrophic 21 | . . . 1 . . . . 2 . 1 . . . . . 1 . 1 . 1 . 1 1 . 2 . . 2 2 . 2 4 Database Lockouts . | . . . . . . . . . . . . . . . . . . . . . . . . . . . . . . . . . Manual 118 | . 4 . 20 . 1 . 6 6 6 4 2 . 4 . 2 1 5 3 1 2 2 3 4 . 15 . 4 1 6 . 3 13 Terminals 259 | . 10 . 32 . . . 6 7 13 4 8 3 8 5 2 4 5 4 . 4 9 33 6 . 30 8 7 15 9 . 4 23 Fabricators 8 | . . . . . . . . . . . . . . . . . 2 . 2 . . . . . . 4 . . . . . . Repair Stations 4 | . . . . . . . . . . . . . . . 2 . . . . . . . . . . . . 2 . . . . Recycling Units . | . . . . . . . . . . . . . . . . . . . . . . . . . . . . . . . . . Scanalyzers 7 | . . . . . . . 2 . . . 2 . . . . . . . . . . . . . . 3 . . . . . . Garrison Access 10 | . . . . . . . 1 . 1 . 1 . 1 . 1 . 1 . 1 . . . . . . 1 . 1 . 1 . . Terminal Hacks 125 | . 6 1 22 1 2 . 2 2 5 1 4 . 5 1 . 1 2 2 . 1 4 15 4 . 14 3 5 10 3 . 2 7 Record 8 | . . . . . 2 . . . . . . . . . . . . . . . . . 4 . 2 . . . . . . . Part Schematic 5 | . . . 4 . . . . . . . . . . . . . . . . . . . . . 1 . . . . . . . Robot Analysis 2 | . . . . . . . . . . . . . . . . . . . . . . 1 . . . . . 1 . . . . Prototype ID Bank 14 | . 1 . 4 . . . . . . . . . . . . . 1 . . . . 5 . . 2 . . 1 . . . . Open Door 10 | . . 1 . 1 . . . 1 . . . . . 1 . . . . . . 1 2 . . . . 1 . 1 . . 1 Level Access Points 1 | . . . . . . . . . . . . . . . . . . . . . . . . . . . . . . . . 1 Branch Access Points 7 | . 1 . 1 . . . . . 1 . 1 . . . . . 1 . . . . . . . . . . 1 . . . 1 Emergency Access Points 7 | . . . . . . . . . . . . . . . . . . 1 . . 1 . . . 2 . 1 . 1 . 1 . Machine Index 1 | . . . . . . . . . . . . . . . . . . . . . . . . . 1 . . . . . . . Terminal Index 6 | . 1 . 1 . . . 1 . . . 1 . 1 . . . . . . . . . . . . . . 1 . . . . Scanalyzer Index 1 | . . . . . . . . . . . . . 1 . . . . . . . . . . . . . . . . . . . Garrison Index 1 | . . . . . . . . . . . . . . . . . . . . . . . . . 1 . . . . . . . Unreport Threat 4 | . . . . . . . . . . . . . . . . . . . . . . 1 . . 1 1 . 1 . . . . Locate Traps 10 | . 2 . 2 . . . 1 . 1 . 1 . . . . . . . . . 1 . . . 1 . . . . . . 1 Reprogram Traps 2 | . . . . . . . . . . . . . . . . . . . . . . . . . 2 . . . . . . . Dispatch Records 3 | . . . 2 . . . . . . . . . 1 . . . . . . . . . . . . . . . . . . . Security Status 4 | . . . 2 . . . . . 1 . . . . . . . . . . . . 1 . . . . . . . . . . Surveillance Status 2 | . . . 2 . . . . . . . . . . . . . . . . . . . . . . . . . . . . . Extermination Status 1 | . . . . . . . . . . . . . . . . . . . . . . . . . . . . 1 . . . . Garrison Status 1 | . . . 1 . . . . . . . . . . . . . . . . . . . . . . . . . . . . . Recall Investigation 1 | . . . . . . . . . . . . . . . . . . . . . . . . . . . . . . . . 1 Recall Extermination 1 | . . . . . . . . . . . . . . . . . . . . . . . . . . . . 1 . . . . Recall Reinforcements 1 | . . . . . . . . . . . . . . . . . . . . . . . . . . . . . . . . 1 Hauler Manifests 2 | . 1 . 1 . . . . . . . . . . . . . . . . . . . . . . . . . . . . . Registered Components 4 | . . . 1 . . . . . . . . . 1 . . . . . . . . 1 . . . 1 . . . . . . Registered Prototypes 1 | . . . . . . . . . . . . . . . . . . . . . . . . . . . . 1 . . . . Zone Layout 15 | . . . 1 . . . . . 2 . 1 . 1 . . . . . . . 1 4 . . 1 1 . 2 . . . 1 Garrison Registry 8 | . . . . . . . . 1 . 1 . . . . . 1 . 1 . 1 . . . . . . 1 . 1 . 1 . Patrol Navigation 1 | . . . . . . . . . . . . . . . . . . . . . . . . . . . 1 . . . . . Security Stations 1 | . . . . . . . . . . . . . . . . . . . . . . . . . . . 1 . . . . . Fabricator Hacks 3 | . . . . . . . . . . . . . . . . . 1 . 1 . . . . . . 1 . . . . . . Network Status 2 | . . . . . . . . . . . . . . . . . 1 . 1 . . . . . . . . . . . . . Load Schematic 1 | . . . . . . . . . . . . . . . . . . . . . . . . . . 1 . . . . . . Repair Station Hacks 4 | . . . . . . . . . . . . . . . 2 . . . . . . . . . . . . 2 . . . . Scan Component 2 | . . . . . . . . . . . . . . . 1 . . . . . . . . . . . . 1 . . . . Repair 2 | . . . . . . . . . . . . . . . 1 . . . . . . . . . . . . 1 . . . . Recycling Unit Hacks . | . . . . . . . . . . . . . . . . . . . . . . . . . . . . . . . . . Scanalyzer 4 | . . . . . . . 2 . . . 1 . . . . . . . . . . . . . . 1 . . . . . . Insert Component 3 | . . . . . . . 1 . . . 1 . . . . . . . . . . . . . . 1 . . . . . . Analyze 1 | . . . . . . . 1 . . . . . . . . . . . . . . . . . . . . . . . . . Garrison Access Hacks 10 | . . . . . . . 1 . 1 . 1 . 1 . 1 . 1 . 1 . . . . . . 1 . 1 . 1 . . Unlock Access 10 | . . . . . . . 1 . 1 . 1 . 1 . 1 . 1 . 1 . . . . . . 1 . 1 . 1 . . Unauthorized Hacks 37 | . 2 . 5 . . . 3 . 4 . 1 . 2 . 1 . 3 . . . 1 3 . . 8 . . 1 . . . 3 Terminals 36 | . 2 . 5 . . . 3 . 4 . 1 . 2 . 1 . 2 . . . 1 3 . . 8 . . 1 . . . 3 Assimilate 3 | . . . 1 . . . . . 2 . . . . . . . . . . . . . . . . . . . . . . . Botnet 26 | . 2 . 3 . . . 2 . 2 . 1 . 1 . 1 . 2 . . . 1 3 . . 4 . . 1 . . . 3 Operators 3 | . . . 1 . . . 1 . . . . . 1 . . . . . . . . . . . . . . . . . . . Sabotage 4 | . . . . . . . . . . . . . . . . . . . . . . . . . 4 . . . . . . . Fabricators 1 | . . . . . . . . . . . . . . . . . 1 . . . . . . . . . . . . . . . Fabnet 1 | . . . . . . . . . . . . . . . . . 1 . . . . . . . . . . . . . . . Repair Stations . | . . . . . . . . . . . . . . . . . . . . . . . . . . . . . . . . . Recycling Units . | . . . . . . . . . . . . . . . . . . . . . . . . . . . . . . . . . Scanalyzers . | . . . . . . . . . . . . . . . . . . . . . . . . . . . . . . . . . Garrison Access . | . . . . . . . . . . . . . . . . . . . . . . . . . . . . . . . . . Data Cores Recovered 2 | . . . . . . . . . . . . . . . 1 . . . . . . . . . . . . . . . . 1 Used 1 | . . . . . . . . . . . . . . . 1 . . . . . . . . . . . . . . . . . Hacking Detections 73 | . 3 . 5 . . . 3 4 3 2 4 1 3 2 1 2 3 2 2 1 2 8 3 . 6 3 . 2 1 . 1 6 Full Trace Events 5 | . . . . . . . . . 1 . . . . . . 1 . . . . 1 . 1 . . . . . . . . 1 Feedback Events 1 | . . . . . . . . . 1 . . . . . . . . . . . . . . . . . . . . . . . Corruption 1 | . . . . . . . . . 1 . . . . . . . . . . . . . . . . . . . . . . . Feedback Blocked 1 | . . . . . . . . . . . . . . . . . . . . . 1 . . . . . . . . . . . Robot Schematics Acquired . | . . . . . . . . . . . . . . . . . . . . . . . . . . . . . . . . . Robots Built . | . . . . . . . . . . . . . . . . . . . . . . . . . . . . . . . . . Authchips . | . . . . . . . . . . . . . . . . . . . . . . . . . . . . . . . . . Time . | . . . . . . . . . . . . . . . . . . . . . . . . . . . . . . . . . Total Robot Build Rating . | . . . . . . . . . . . . . . . . . . . . . . . . . . . . . . . . . Part Schematics Acquired 6 | . . . 4 . . . 1 . . . . . . . . . . . . . . . . . 1 . . . . . . . Parts Built . | . . . . . . . . . . . . . . . . . . . . . . . . . . . . . . . . . Authchips . | . . . . . . . . . . . . . . . . . . . . . . . . . . . . . . . . . Time . | . . . . . . . . . . . . . . . . . . . . . . . . . . . . . . . . . Total Part Build Rating . | . . . . . . . . . . . . . . . . . . . . . . . . . . . . . . . . . Parts Repaired 2 | . . . . . . . . . . . . . . . 1 . . . . . . . . . . . . 1 . . . . Time 78 | . . . . . . . . . . . . . . . 56 . . . . . . . . . . . . 22 . . . . Parts Recycled . | . . . . . . . . . . . . . . . . . . . . . . . . . . . . . . . . . Recycled Matter . | . . . . . . . . . . . . . . . . . . . . . . . . . . . . . . . . . Retrieved Matter . | . . . . . . . . . . . . . . . . . . . . . . . . . . . . . . . . . Retrieved Components . | . . . . . . . . . . . . . . . . . . . . . . . . . . . . . . . . . Parts Scanalyzed 3 | . . . . . . . 1 . . . 1 . . . . . . . . . . . . . . 1 . . . . . . Part Schematics Acquired 1 | . . . . . . . 1 . . . . . . . . . . . . . . . . . . . . . . . . . Parts Damaged . | . . . . . . . . . . . . . . . . . . . . . . . . . . . . . . . . . Bothacking | -11 -10 -10 -9 -9 -9 -8 -8 -8 -8 -8 -7 -7 -7 -7 -6 -6 -6 -6 -5 -5 -4 -4 -4 -4 -4 -3 -3 -2 -2 -2 -2 -1 ------------ Run | Jun Mat Min Mat Min Exi Min Mat Gar Sto Gar Fac Gar Fac Gar Fac Gar Fac Gar Fac Gar Fac Ext Cet Arc Hub Res Gar Res Gar Res Gar Acc Used RIF Installer 11 | . . . . . . . . 1 . 2 . 1 . 1 . 1 . 1 . 1 . . . . . . 1 . 1 . 1 . Command Fork 1 | . . . . . . . . . . . . . . . . . . . . . . . . . . . . . 1 . . . Threat Obfuscator 2 | . . . . . . . . . . 1 . . . . . . . . . . . . . . . . . . . . 1 . Signal Jammer 1 | . . . . . . . . . . . . . . . . . . 1 . . . . . . . . . . . . . . Zone Cloak 1 | . . . . . . . . . . . . . . . . . . . . 1 . . . . . . . . . . . . Robot Detection 1 | . . . . . . . . . . 1 . . . . . . . . . . . . . . . . . . . . . . Watcher Feeds 1 | . . . . . . . . . . . . 1 . . . . . . . . . . . . . . . . . . . . Patrol Navigation 1 | . . . . . . . . . . . . . . . . 1 . . . . . . . . . . . . . . . . Alert ID Control 1 | . . . . . . . . . . . . . . 1 . . . . . . . . . . . . . . . . . . Structural Interface 1 | . . . . . . . . . . . . . . . . . . . . . . . . . . . 1 . . . . . Robots Hacked 215 | . . . . . . . . . 7 1 4 6 . 10 9 13 14 11 7 17 5 1 1 3 7 . 24 12 21 12 11 19 Non-combat 32 | . . . . . . . . . 2 . 1 . . . 4 . 6 . 3 . 1 . . 2 1 . . 3 . 1 . 8 Combat 183 | . . . . . . . . . 5 1 3 6 . 10 5 13 8 11 4 17 4 1 1 1 6 . 24 9 21 11 11 11 Robot Hacks Applied 239 | . . . . . . . . . 8 1 5 6 . 10 13 15 17 12 9 15 6 1 1 3 10 . 25 14 22 12 12 22 parse_system 12 | . . . . . . . . . . . . . . 1 . 1 3 1 . . . . . 1 1 . . 2 . . 1 1 no_distress 2 | . . . . . . . . . . . . . . . . . 1 . . . . . . . . . . 1 . . . . generate_echo 2 | . . . . . . . . . . . . . . . 1 . . . . . . . . . . . . . . . . 1 find_chute 2 | . . . . . . . . . . . . . . . 1 . . . . . 1 . . . . . . . . . . . map_walls 2 | . . . . . . . . . . . . . . . . . 1 . . . . . . . . . . . . . . 1 drop_inventory 3 | . . . . . . . . . . . . . . . . . . . 1 . . . . . . . . . . . . 2 locate_stockpiles 3 | . . . . . . . . . . . . . . . . . 1 . 1 . . . . . . . . . . . . 1 find_recycling 1 | . . . . . . . . . . . . . . . . . 1 . . . . . . . . . . . . . . . purge_threat 2 | . . . . . . . . . . . . . . . 1 . . . 1 . . . . . . . . . . . . . map_route 5 | . . . . . . . . . . . . . . . 1 . 1 . . . . . . . . . . . . . . 3 mark_security 1 | . . . . . . . . . . . . . . . . . . . . . . . . . . . . 1 . . . . find_garrison 7 | . . . . . . . . . 1 . 1 . . . 2 . 1 . 1 . 1 . . . . . . . . . . . link_fov 1 | . . . . . . . . . . . . . . . . . . . . . . . . . . . . . . . 1 . mark_system 4 | . . . . . . . . . . . . . . . . 1 . . . . 2 . . . . . . . . 1 . . disrupt_area 6 | . . . . . . . . . . . . . . 2 . . . . . 2 . . . . . . . . 1 . . 1 spike_heat 2 | . . . . . . . . . . . . . . . . . . . . 1 . . . . 1 . . . . . . . amplify_resonance 23 | . . . . . . . . . . 1 1 3 . 4 1 2 1 2 . 2 . . . . . . 2 1 1 2 . . wipe_record 2 | . . . . . . . . . . . . . . . 1 . . 1 . . . . . . . . . . . . . . disable_weapons 1 | . . . . . . . . . . . . . . . . . . . . . . . . . 1 . . . . . . . reboot_system 3 | . . . . . . . . . 1 . . . . . . . . . . . . . . . . . 1 . . 1 . . go_dormant 1 | . . . . . . . . . . . . . . . . . . . . 1 . . . . . . . . . . . . overwrite_iff 6 | . . . . . . . . . . . . 1 . . . . 1 1 . . . . . . 2 . 1 . . . . . streamctrl_high 2 | . . . . . . . . . . . . . . . . 1 . . . . . . . . . . . . . . . 1 formatsys_low 9 | . . . . . . . . . 2 . . . . . 2 . 1 . 1 . . . . 2 . . . 1 . . . . formatsys_high 134 | . . . . . . . . . 4 . 3 1 . 3 3 10 5 7 4 9 2 1 1 . 5 . 21 7 20 8 9 11 formatsys_deep 3 | . . . . . . . . . . . . 1 . . . . . . . . . . . . . . . 1 . . 1 . Relay Couplers Released 138 | . . . . . . . . 7 . 11 . 3 . 7 . 10 . 32 . 8 . . . . . . 21 . 29 . 10 . Machine Destruction 135 | . . . . . . . . 7 . 11 . 3 . 7 . 7 . 32 . 8 . . . . . . 21 . 29 . 10 . Programmers 3 | . . . . . . . . . . . . . . . . 3 . . . . . . . . . . . . . . . . Attached 86 | . . . . . . . . . 4 1 1 4 . 3 3 6 2 8 3 6 1 1 . . 4 . 8 3 13 1 7 7 Fabnet Peak Effective % 3 | . . . . . . . . . . . . . . . . . . . 3 3 1 1 1 1 1 . . . . . . . Autooverrided 6 | . . . . . . . . . . . . . . . . . . . 2 3 . . . 1 . . . . . . . . Robots Rewired 37 | . . . . . . . . 4 . 3 . . . 13 . 11 . 2 . . . . . . . . . . 4 . . . Allies Hacked 9 | . . . . . . . . . . . . . . 2 . . 1 . 1 . . . . . . . 1 . 1 . . 3 Hacks Repelled 1 | . . . . . . . . . . . . . . . . . . . . . . . . . . . 1 . . . . . Allies | -11 -10 -10 -9 -9 -9 -8 -8 -8 -8 -8 -7 -7 -7 -7 -6 -6 -6 -6 -5 -5 -4 -4 -4 -4 -4 -3 -3 -2 -2 -2 -2 -1 -------- Run | Jun Mat Min Mat Min Exi Min Mat Gar Sto Gar Fac Gar Fac Gar Fac Gar Fac Gar Fac Gar Fac Ext Cet Arc Hub Res Gar Res Gar Res Gar Acc Total Allies 226 | . . . 1 . . . . 6 6 3 3 6 . 18 5 24 7 10 6 12 2 4 1 3 6 . 26 12 24 9 16 16 Largest Group 20 | . . . 1 1 1 1 1 6 10 3 5 3 3 13 13 15 19 15 18 14 12 10 6 4 4 2 12 11 20 19 8 8 Highest-Rated Group 1182 | . . . 10 10 10 10 10 87 146 76 92 57 36 474 425 829 910 797 855 629 583 710 515 331 262 139 513 648 1182 1168 522 399 Highest-Rated Ally 178 | . . . 10 10 10 10 10 31 31 31 26 29 12 95 85 119 119 148 132 137 137 159 159 159 116 109 109 178 178 178 116 99 Total Orders 92 | . . . . 3 . 8 1 16 5 4 . . . 2 . . 1 3 . 2 . . . . 3 . 8 2 30 . 4 . STAY 31 | . . . . . . . . 1 . . . . . 1 . . . 1 . 1 . . . . 2 . 4 1 18 . 2 . FOLLOW 24 | . . . . . . . . 1 . . . . . 1 . . . 1 . 1 . . . . 1 . 4 1 12 . 2 . GUARD 1 | . . . . . . . . . 1 . . . . . . . . . . . . . . . . . . . . . . . AID 3 | . . . . . . . . . 1 . . . . . . . 1 1 . . . . . . . . . . . . . . EXPLORE 21 | . . . . 2 . 4 . 8 3 4 . . . . . . . . . . . . . . . . . . . . . . RETURN 12 | . . . . 1 . 4 1 6 . . . . . . . . . . . . . . . . . . . . . . . . Ally Attacks 1774 | . . . . 1 . 3 5 . 55 15 41 30 2 109 101 103 154 127 74 83 51 58 37 15 44 . 90 142 164 108 46 116 Total Damage 51577 | . . . . . . . . . 770 189 1045 591 32 3247 2308 3241 4120 4310 2856 2840 1283 2323 1460 704 1464 . 2493 3313 4841 3223 1579 3345 Kills 316 | . . . . . . . . . 8 1 8 8 . 30 13 22 28 25 22 22 8 11 9 4 8 . 14 13 21 19 5 17 Allies Corrupted 10 | . . . . . . . . . . . . . . . 2 . . . . 1 . . . . 2 . . . 2 . . 3 Allies Melted 4 | . . . . . . . . . . . . 1 . . . . . 1 . . . . . . . . . . . 1 1 . Intel | -11 -10 -10 -9 -9 -9 -8 -8 -8 -8 -8 -7 -7 -7 -7 -6 -6 -6 -6 -5 -5 -4 -4 -4 -4 -4 -3 -3 -2 -2 -2 -2 -1 ------- Run | Jun Mat Min Mat Min Exi Min Mat Gar Sto Gar Fac Gar Fac Gar Fac Gar Fac Gar Fac Gar Fac Ext Cet Arc Hub Res Gar Res Gar Res Gar Acc Robot Analysis Total 2 | . . . . . . . . . . . . . . . . . . . . . . 1 . . . . . 1 . . . . Derelict Logs Recovered 2 | . . 2 . . . . . . . . . . . . . . . . . . . . . . . . . . . . . . Drone Launches 31 | . . . . 2 . 7 6 9 3 4 . . . . . . . . . . . . . . . . . . . . . . Drone Recoveries 15 | . . . . 1 . 4 1 9 . . . . . . . . . . . . . . . . . . . . . . . . Exploration | -11 -10 -10 -9 -9 -9 -8 -8 -8 -8 -8 -7 -7 -7 -7 -6 -6 -6 -6 -5 -5 -4 -4 -4 -4 -4 -3 -3 -2 -2 -2 -2 -1 ------------- Run | Jun Mat Min Mat Min Exi Min Mat Gar Sto Gar Fac Gar Fac Gar Fac Gar Fac Gar Fac Gar Fac Ext Cet Arc Hub Res Gar Res Gar Res Gar Acc Turns Passed 28507 | 11 607 943 583 114 461 179 222 660 304 1104 1162 1565 275 1875 1424 1031 643 1301 520 1057 379 1514 286 390 1316 177 2123 456 1716 283 1327 2499 Spaces Moved 15274 | 5 277 628 391 85 365 138 170 497 170 638 511 790 168 1027 706 531 330 651 279 539 167 868 143 151 666 117 1064 238 951 163 693 1157 Core . | . . . . . . . . . . . . . . . . . . . . . . . . . . . . . . . . . Treads 10658 | 5 253 . . . . . . . . . 190 790 168 1027 706 531 330 651 279 539 167 868 143 151 352 . 769 238 951 163 693 694 Legs . | . . . . . . . . . . . . . . . . . . . . . . . . . . . . . . . . . Wheels 4616 | . 24 628 391 85 365 138 170 497 170 638 321 . . . . . . . . . . . . . 314 117 295 . . . . 463 Hover . | . . . . . . . . . . . . . . . . . . . . . . . . . . . . . . . . . Flight . | . . . . . . . . . . . . . . . . . . . . . . . . . . . . . . . . . Fastest Speed 82 | 160 140 140 125 125 125 125 125 125 125 125 155 160 160 160 160 160 160 160 160 160 160 160 160 160 105 129 129 145 145 145 145 82 Average Speed 159 | 160 184 140 125 125 125 125 125 125 125 137 196 160 160 160 169 160 160 160 160 168 198 167 184 180 141 129 169 155 164 145 157 184 Slowest Speed 330 | 160 320 140 125 125 125 125 125 125 125 215 240 160 160 160 240 160 160 160 160 245 330 240 240 240 160 129 225 225 225 145 225 230 Overloaded Moves . | . . . . . . . . . . . . . . . . . . . . . . . . . . . . . . . . . Propulsion Burnouts . | . . . . . . . . . . . . . . . . . . . . . . . . . . . . . . . . . Robots Hopped 3 | . . . . . . . . . . . . . . . . . . . . . . 1 . . . . . . 2 . . . Cave-ins Triggered 1 | . . . . . . . . . . . . . . . . . . . . . . . . . . . . . . . . 1 Exploration Rate (%) 54 | 2 54 99 41 95 85 95 32 92 48 63 11 82 5 95 22 66 15 82 12 68 7 98 63 84 68 5 94 12 84 10 79 35 Regions Visited 32 Branch Regions 9 Pre-discovered Areas 1 | . . . . . 1 . . . . . . . . . . . . . . . . . . . . . . . . . . . Known Exits Taken 22 | 1 1 1 1 1 1 1 1 . 1 . 1 . 1 . 1 . 1 . 1 . 1 1 1 1 1 1 . 1 . 1 . . Unknown Exits Taken . | . . . . . . . . . . . . . . . . . . . . . . . . . . . . . . . . . Scrap Searched 2 | . . . . 1 . 1 . . . . . . . . . . . . . . . . . . . . . . . . . . Spaces Dug 120 | . . . 1 . . . . . 4 . . 12 . 4 2 1 3 2 . . . 2 . . 2 . 2 . 13 1 . 71 Terrain Destroyed 898 | . . 3 28 . . . 1 . 4 1 4 81 . 78 63 1 3 2 . 86 . 2 50 . 209 . 24 . 48 1 9 200 Melee 24 | . . . 1 . . . . . 4 . . 7 . 4 . 1 1 2 . . . . . . 2 . 2 . . . . . Projectile 33 | . . . . . . . 1 . . . 4 5 . . 8 . 2 . . . . 2 . . 2 . . . . 1 . 8 AOE 841 | . . 3 27 . . . . . . 1 . 69 . 74 55 . . . . 86 . . 50 . 205 . 22 . 48 . 9 192 Terrain Rammed . | . . . . . . . . . . . . . . . . . . . . . . . . . . . . . . . . . Walls Destroyed . | . . . . . . . . . . . . . . . . . . . . . . . . . . . . . . . . . Machines Disabled . | . . . . . . . . . . . . . . . . . . . . . . . . . . . . . . . . . Actions | -11 -10 -10 -9 -9 -9 -8 -8 -8 -8 -8 -7 -7 -7 -7 -6 -6 -6 -6 -5 -5 -4 -4 -4 -4 -4 -3 -3 -2 -2 -2 -2 -1 --------- Run | Jun Mat Min Mat Min Exi Min Mat Gar Sto Gar Fac Gar Fac Gar Fac Gar Fac Gar Fac Gar Fac Ext Cet Arc Hub Res Gar Res Gar Res Gar Acc Total 18322 | 7 333 665 447 95 370 146 180 533 243 793 622 967 173 1212 876 656 425 841 342 646 214 914 164 242 906 145 1317 312 1068 203 850 1415 Wait 766 | . 14 6 3 3 . 4 1 2 32 47 13 23 1 83 69 19 52 81 35 12 6 6 2 38 63 5 23 31 8 10 15 59 Move 15241 | 4 276 627 390 84 364 137 170 496 169 637 511 789 168 1026 705 530 329 650 278 538 166 865 142 150 665 117 1063 237 947 163 692 1156 Hop 2 | . . . . . . . . . . . . . . . . . . . . . . 1 . . . . . . 1 . . . Pick Up 299 | . 13 8 8 1 . 2 2 13 2 12 14 11 1 14 3 9 2 14 2 14 12 8 3 12 22 7 38 6 11 2 18 15 Fast Attach 33 | . . . . 1 3 . . . . . 8 2 . 1 . 1 . . . . . 3 . . . 3 2 1 . . 2 6 Attach 181 | . 2 2 2 . . . 3 2 4 8 10 2 1 3 14 5 3 4 4 5 10 4 4 5 22 4 15 2 5 1 11 24 Detach 39 | . . . . 2 . . . . 1 1 2 . . 1 11 . 1 1 . . . 2 1 . 7 . 5 1 1 . 1 1 Swap 306 | 3 3 4 5 . . . 1 . 5 6 14 30 1 7 3 8 3 10 2 7 . 6 . 10 34 1 37 9 22 5 35 35 Drop 214 | . 3 1 3 4 3 3 3 8 5 5 17 18 . 14 . 6 1 7 2 7 10 9 6 6 6 8 31 2 4 2 10 10 Fire 934 | . 21 17 35 . . . . 12 16 53 27 71 1 45 66 49 28 57 15 55 7 5 6 6 30 . 66 22 51 20 51 102 Melee 154 | . . . 1 . . . . . 4 . 4 21 . 10 1 14 1 13 . . . 4 . 13 51 . 8 . . . 8 1 Ram 4 | . . . . . . . . . . . . . . . . . . . . . . . . . 1 . . . . . . 3 Kick . | . . . . . . . . . . . . . . . . . . . . . . . . . . . . . . . . . Crush 8 | . 1 . . . . . . . . . . . . . 1 . . . 1 3 1 1 . . . . . . . . . . Escape Stasis 52 | . . . . . . . . . . 24 . . . . . . . . . . . . . . . . 16 . 12 . . . Rewire 71 | . . . . . . . . . 5 . 2 . . 3 3 6 5 4 3 5 2 . . 2 5 . 13 1 6 . 3 3 Trap 18 | . . . . . . . . . . . . . . 5 . 9 . . . . . . . . . . . . . . 4 . Miscellaneous . | . . . . . . . . . . . . . . . . . . . . . . . . . . . . . . . . . Route ------- -11/Junkyard -10/Materials (discovered 2 exits: *Mat / *Min) -10/Mines (discovered 2 exits: *Mat x2) -9/Materials (discovered 2 exits: *Mat / *Min) -9/Mines (discovered 2 exits: *Mat / *Exi) -9/Exiles -8/Mines (discovered 2 exits: *Mat x2) -8/Materials (discovered 4 exits: *Fac / *Sto x2 / Gar) -8/Garrison (discovered 4 exits: *Sto x4) -8/Storage (discovered 2 exits: Rec / Gar) -8/Garrison (discovered 3 exits: *Fac x3) -7/Factory (discovered 4 exits: *Fac / Low x2 / Gar) -7/Garrison (discovered 3 exits: *Fac x3) -7/Factory -7/Garrison (discovered 4 exits: *Fac x3 / *Fac) -6/Factory -6/Garrison (discovered 3 exits: *Fac x3) -6/Factory (discovered 3 exits: Low x2 / Gar) -6/Garrison (discovered 3 exits: *Fac x3) -5/Factory (discovered 2 exits: *Upp / Gar) -5/Garrison (discovered 3 exits: *Fac x3) -4/Factory -4/Extension (discovered 2 exits: *Res / *Cet) -4/Cetus -4/Archives (discovered 3 exits: *Res / *Hub x2) -4/Hub_04(d) (discovered 3 exits: *Res x3) -3/Research -3/Garrison (discovered 3 exits: *Res x3) -2/Research (discovered 3 exits: Qua x2 / Gar) -2/Garrison (discovered 3 exits: *Res x3) -2/Research -2/Garrison (discovered 3 exits: *Acc x3) -1/Access (discovered 2 exits: *Sur / Com) To Epsilon Eridani History --------- Turn | Location | Event 6 | -11/Junkyard | Identified exit to Materials 6 | -11/Junkyard | Discovered exit to Materials (range 2) 12 | -11/Junkyard | Entered Materials 12 | -10/Materials | Evolved 1 slot: Utility x1 85 | -10/Materials | Identified exit to Mines 316 | -10/Materials | Build established: Hacker-Mutant 378 | -10/Materials | Identified exit to Materials 378 | -10/Materials | Discovered exit to Materials (range 16) 619 | -10/Materials | Entered Mines 629 | -10/Mines | Met a Derelict bent on vengeance 1030 | -10/Mines | Discovered exit to Materials (range 9) 1073 | -10/Mines | Assembled infested the area 1078 | -10/Mines | Assisted by a Guerilla fighting off Assembled 1117 | -10/Mines | Discovered exit to Materials (range 7) 1185 | -10/Mines | Learned Materials emergency access door positions 1224 | -10/Mines | Met a Derelict shopkeep closing up shop 1562 | -10/Mines | Entered Materials 1562 | -9/Materials | Evolved 2 slots: Propulsion x1, Utility x1 1592 | -9/Materials | Identified exit to Mines 1896 | -9/Materials | Identified exit to Materials 1896 | -9/Materials | Discovered exit to Materials (range 16) 2145 | -9/Materials | Entered Mines 2145 | -9/Mines | Accompanied by 1 ally 2150 | -9/Mines | Found the Drone Emporium 2157 | -9/Mines | Found Prototype Device 2157 | -9/Mines | Identified Bomb Drone Bay 2198 | -9/Mines | Discovered exit to Materials (range 59) 2242 | -9/Mines | Deemed a non-threat by the Exiles lab entrance 2242 | -9/Mines | Identified exit to Exiles 2242 | -9/Mines | Discovered exit to Exiles (range 5) 2259 | -9/Mines | Entered Exiles 2259 | -9/Exiles | Accompanied by 1 ally 2277 | -9/Exiles | Build established: Scavenger-Mutant 2288 | -9/Exiles | Met 8R-AWN 2311 | -9/Exiles | Met EX-HEX 2347 | -9/Exiles | Met EX-BIN 2362 | -9/Exiles | Aligned with FarCom system 2363 | -9/Exiles | Given EX-Vault access code 2404 | -9/Exiles | Opened EX-Vault 2413 | -9/Exiles | Found Prototype Energy Cannon 2413 | -9/Exiles | Identified YOLO Cannon 2416 | -9/Exiles | Found Prototype Energy Cannon 2416 | -9/Exiles | Identified Gui. Plasma Cannon 2423 | -9/Exiles | Found Prototype Energy Gun 2423 | -9/Exiles | Identified AWS/Thermal 2450 | -9/Exiles | Warned to stay clear of 0b10 Research branches 2495 | -9/Exiles | Met EX-DEC 2502 | -9/Exiles | Learned location of Zion (-6) 2551 | -9/Exiles | Visited The Gauntlet 2705 | -9/Exiles | Identified exit to Mines 2705 | -9/Exiles | Discovered exit to Mines (range 14) 2720 | -9/Exiles | Left Exiles lab with AWS/Thermal 2720 | -9/Exiles | Entered Mines 2720 | -8/Mines | Accompanied by 1 ally 2766 | -8/Mines | Discovered exit to Materials (range 52) 2790 | -8/Mines | Discovered exit to Materials (range 44) 2899 | -8/Mines | Entered Materials 2899 | -8/Materials | Accompanied by 1 ally 2899 | -8/Materials | Evolved 2 slots: Utility x2 2900 | -8/Materials | Identified exit to Storage 3035 | -8/Materials | Identified exit to Factory 3035 | -8/Materials | Discovered exit to Factory (range 11) 3096 | -8/Materials | Discovered exit to Storage (range 18) 3121 | -8/Materials | Identified exit to Garrison 3121 | -8/Materials | Entered Garrison 3121 | -8/Garrison | Discovered recently destroyed garrison 3121 | -8/Garrison | Accompanied by 1 ally 3181 | -8/Garrison | Installed Relay Interface Framework 3308 | -8/Garrison | Discovered exit to Storage (range 58) 3332 | -8/Garrison | Discovered exit to Storage (range 52) 3332 | -8/Garrison | Discovered exit to Storage (range 32) 3332 | -8/Garrison | Discovered exit to Storage (range 67) 3332 | -8/Garrison | Discovered exit to Storage (range 46) 3349 | -8/Garrison | Build established: Hacker-Mutant 3524 | -8/Garrison | Rescued a captive Derelict 3525 | -8/Garrison | Rescued a captive Derelict 3547 | -8/Garrison | Garrison Relay disabled 3728 | -8/Garrison | Garrison Relay disabled 3781 | -8/Garrison | Entered Storage 3781 | -8/Storage | Accompanied by 7 allies 3941 | -8/Storage | Identified exit to Recycling 4018 | -8/Storage | Garrison activated, responded to threat 4056 | -8/Storage | Identified exit to Garrison 4085 | -8/Storage | Entered Garrison 4085 | -8/Garrison | Accompanied by 3 allies 4137 | -8/Garrison | Triggered checkpoint 4159 | -8/Garrison | Triggered checkpoint 4278 | -8/Garrison | Triggered checkpoint 4316 | -8/Garrison | Triggered checkpoint 4358 | -8/Garrison | Discovered exit to Factory (range 19) 4384 | -8/Garrison | Triggered checkpoint 4490 | -8/Garrison | Expanded RIF knowledge: Threat Obfuscation 4533 | -8/Garrison | Garrison Relay disabled 4609 | -8/Garrison | Discovered exit to Factory (range 34) 4609 | -8/Garrison | Discovered exit to Factory (range 48) 4609 | -8/Garrison | Discovered exit to Factory (range 34) 4626 | -8/Garrison | Triggered checkpoint 4704 | -8/Garrison | Garrison Relay disabled 4810 | -8/Garrison | Triggered checkpoint 4836 | -8/Garrison | Build established: Bothacker-Mutant 4964 | -8/Garrison | Triggered checkpoint 4994 | -8/Garrison | Triggered checkpoint 5004 | -8/Garrison | Garrison Relay disabled 5071 | -8/Garrison | Expanded RIF knowledge: Robot Detection 5189 | -8/Garrison | Entered Factory 5189 | -7/Factory | Accompanied by 3 allies 5189 | -7/Factory | Evolved 2 slots: Propulsion x1, Utility x1 5353 | -7/Factory | Identified exit to Factory 5353 | -7/Factory | Discovered exit to Factory (range 9) 5861 | -7/Factory | Cargo convoy interrupted 5879 | -7/Factory | P-60 Hacker assimilated allied Defender 3e 6335 | -7/Factory | Identified exit to Lower Caves 6351 | -7/Factory | Identified exit to Garrison 6351 | -7/Factory | Entered Garrison 6351 | -7/Garrison | Accompanied by 3 allies 6368 | -7/Garrison | Triggered checkpoint 6602 | -7/Garrison | Triggered checkpoint 6746 | -7/Garrison | Garrison Relay disabled 6812 | -7/Garrison | Triggered checkpoint 6824 | -7/Garrison | Triggered checkpoint 6841 | -7/Garrison | Triggered checkpoint 6846 | -7/Garrison | Triggered checkpoint 7078 | -7/Garrison | Identified exit to Factory 7078 | -7/Garrison | Discovered exit to Factory (range 10) 7229 | -7/Garrison | Discovered exit to Factory (range 12) 7487 | -7/Garrison | Phase Generator disabled 7516 | -7/Garrison | Assimilated ARC 4a with formatsys_deep 7554 | -7/Garrison | Triggered checkpoint 7790 | -7/Garrison | Discovered exit to Factory (range 15) 7807 | -7/Garrison | Expanded RIF knowledge: Watcher Feeds 7916 | -7/Garrison | Entered Factory 7916 | -7/Factory | Accompanied by 3 allies 8105 | -7/Factory | Build established: Botlord-Mutant 8191 | -7/Factory | Identified exit to Garrison 8191 | -7/Factory | Entered Garrison 8191 | -7/Garrison | Accompanied by 2 allies 8212 | -7/Garrison | Triggered checkpoint 8301 | -7/Garrison | Phase Generator disabled 8324 | -7/Garrison | Found embedded Infiltrators 8355 | -7/Garrison | Triggered checkpoint 8361 | -7/Garrison | Garrison Relay disabled 8602 | -7/Garrison | Triggered checkpoint 8650 | -7/Garrison | Triggered checkpoint 8665 | -7/Garrison | Identified exit to Factory 8665 | -7/Garrison | Discovered exit to Factory (range 5) 8758 | -7/Garrison | Triggered checkpoint 8768 | -7/Garrison | Triggered checkpoint 8780 | -7/Garrison | Triggered checkpoint 8782 | -7/Garrison | Triggered checkpoint 8828 | -7/Garrison | Triggered checkpoint 8840 | -7/Garrison | Discovered exit to Factory (range 15) 8919 | -7/Garrison | Spotted B-75 Beast 8921 | -7/Garrison | Assimilated Beast 4a with formatsys_high 9232 | -7/Garrison | Discovered exit to Factory (range 12) 9282 | -7/Garrison | Triggered checkpoint 9303 | -7/Garrison | Expanded RIF knowledge: Alert ID Control 9418 | -7/Garrison | Triggered checkpoint 9494 | -7/Garrison | Garrison Relay disabled 9633 | -7/Garrison | Discovered exit to Factory (range 10) 9636 | -7/Garrison | Triggered checkpoint 9664 | -7/Garrison | Triggered checkpoint 10066 | -7/Garrison | Entered Factory 10066 | -6/Factory | Accompanied by 12 allies 10066 | -6/Factory | Evolved 2 slots: Power x1, Utility x1 10451 | -6/Factory | Repaired Remote Force Field 11189 | -6/Factory | Spotted B-75 Beast 11204 | -6/Factory | Assimilated Beast 5a with formatsys_high 11477 | -6/Factory | Identified exit to Garrison 11490 | -6/Factory | Entered Garrison 11490 | -6/Garrison | Accompanied by 2 allies 11552 | -6/Garrison | Triggered checkpoint 11574 | -6/Garrison | Identified exit to Factory 11574 | -6/Garrison | Discovered exit to Factory (range 56) 11574 | -6/Garrison | Discovered exit to Factory (range 58) 11574 | -6/Garrison | Discovered exit to Factory (range 77) 11602 | -6/Garrison | Found embedded Infiltrators 11651 | -6/Garrison | Spotted B-75 Beast 11663 | -6/Garrison | Hijacked Beast 5b control node with streamctrl_high 11674 | -6/Garrison | Triggered checkpoint 11710 | -6/Garrison | Triggered checkpoint 11711 | -6/Garrison | Allies destroyed Beast 5b 11738 | -6/Garrison | Triggered checkpoint 11800 | -6/Garrison | Triggered checkpoint 11849 | -6/Garrison | Expanded RIF knowledge: Patrol Navigation 12057 | -6/Garrison | Garrison Relay disabled 12129 | -6/Garrison | P-70 Sage assimilated allied Soldier 5a 12275 | -6/Garrison | Found Relay Coupler [Proto] 12278 | -6/Garrison | Found Relay Coupler [Proto] 12284 | -6/Garrison | Found Relay Coupler [Proto] 12288 | -6/Garrison | Found Relay Coupler [Proto] 12358 | -6/Garrison | Garrison Relay disabled 12370 | -6/Garrison | Triggered checkpoint 12397 | -6/Garrison | Spotted Executioner 12399 | -6/Garrison | Spotted Striker 12402 | -6/Garrison | Assimilated Striker with formatsys_high 12409 | -6/Garrison | Assimilated Executioner with formatsys_high 12415 | -6/Garrison | Rewired Executioner 12423 | -6/Garrison | Rewired Striker 12521 | -6/Garrison | Entered Factory 12521 | -6/Factory | Accompanied by 15 allies 12871 | -6/Factory | First assault squad dispatched 12962 | -6/Factory | Identified exit to Lower Caves 13117 | -6/Factory | Identified exit to Garrison 13164 | -6/Factory | Entered Garrison 13164 | -6/Garrison | Accompanied by 13 allies 13204 | -6/Garrison | Triggered checkpoint 13247 | -6/Garrison | Garrison Relay disabled 13292 | -6/Garrison | Expanded RIF knowledge: Signal Jamming 13344 | -6/Garrison | Spotted B-86 Titan 13368 | -6/Garrison | Rewired B-86 Titan 13369 | -6/Garrison | Rewired B-90 Cyclops 13370 | -6/Garrison | Allies destroyed B-86 Titan 13374 | -6/Garrison | Spotted B-90 Cyclops 13512 | -6/Garrison | Triggered checkpoint 13512 | -6/Garrison | Triggered checkpoint 13536 | -6/Garrison | Triggered checkpoint 13551 | -6/Garrison | Triggered checkpoint 13616 | -6/Garrison | Triggered checkpoint 13711 | -6/Garrison | Identified exit to Factory 13711 | -6/Garrison | Discovered exit to Factory (range 10) 13789 | -6/Garrison | Garrison Relay disabled 13974 | -6/Garrison | Discovered exit to Factory (range 51) 13974 | -6/Garrison | Discovered exit to Factory (range 17) 13974 | -6/Garrison | Discovered exit to Factory (range 43) 13980 | -6/Garrison | Triggered checkpoint 14002 | -6/Garrison | Triggered checkpoint 14009 | -6/Garrison | Garrison Relay disabled 14132 | -6/Garrison | Triggered checkpoint 14143 | -6/Garrison | Garrison Relay disabled 14187 | -6/Garrison | Found Relay Coupler [Proto] 14351 | -6/Garrison | Garrison Relay disabled 14359 | -6/Garrison | Garrison Relay disabled 14364 | -6/Garrison | Garrison Relay disabled 14366 | -6/Garrison | Garrison Relay disabled 14465 | -6/Garrison | Entered Factory 14465 | -5/Factory | Accompanied by 14 allies 14465 | -5/Factory | Evolved 2 slots: Utility x2 14798 | -5/Factory | Local machine network offline 14912 | -5/Factory | Identified exit to Upper Caves 14912 | -5/Factory | Discovered exit to Upper Caves (range 15) 14947 | -5/Factory | Identified exit to Garrison 14985 | -5/Factory | Entered Garrison 14985 | -5/Garrison | Accompanied by 14 allies 15050 | -5/Garrison | Spotted B-75 Beast 15052 | -5/Garrison | Assimilated Beast 6a with formatsys_high 15070 | -5/Garrison | Triggered checkpoint 15140 | -5/Garrison | Triggered checkpoint 15219 | -5/Garrison | Garrison Relay disabled 15250 | -5/Garrison | Phase Generator disabled 15334 | -5/Garrison | Identified exit to Factory 15334 | -5/Garrison | Discovered exit to Factory (range 87) 15334 | -5/Garrison | Discovered exit to Factory (range 84) 15334 | -5/Garrison | Discovered exit to Factory (range 22) 15458 | -5/Garrison | Triggered checkpoint 15534 | -5/Garrison | Expanded RIF knowledge: Zone Cloak 15713 | -5/Garrison | Heavy support dispatched to Factory 15788 | -5/Garrison | Triggered checkpoint 15866 | -5/Garrison | H-XX Assembler disabled 15879 | -5/Garrison | Found Prototype Device 15882 | -5/Garrison | Identified Active Sensor Suite 15949 | -5/Garrison | Garrison Relay disabled 16042 | -5/Garrison | Entered Factory 16042 | -4/Factory | Accompanied by 10 allies 16042 | -4/Factory | Evolved 2 slots: Utility x2 16410 | -4/Factory | Identified exit to Extension 16410 | -4/Factory | Discovered exit to Extension (range 5) 16421 | -4/Factory | Entered Extension 16421 | -4/Extension | Accompanied by 10 allies 16541 | -4/Extension | Spotted B-86 Titan 16555 | -4/Extension | Allies destroyed B-86 Titan 16557 | -4/Extension | Spotted B-86 Titan 16567 | -4/Extension | Assimilated Titan 7a with formatsys_high 16684 | -4/Extension | Rescued A7 17215 | -4/Extension | Rescued a captive Derelict 17215 | -4/Extension | Rescued a captive Derelict 17724 | -4/Extension | Identified exit to Research 17724 | -4/Extension | Discovered exit to Research (range 10) 17726 | -4/Extension | Identified exit to Cetus 17726 | -4/Extension | Discovered exit to Cetus (range 6) 17935 | -4/Extension | Entered Cetus 17935 | -4/Cetus | Accompanied by 6 allies (A7) 17940 | -4/Cetus | Acquired a Cetus Manufacturing Module code from A7 17951 | -4/Cetus | Spotted Cetus Guard 17951 | -4/Cetus | Spotted Cetus Guard 17955 | -4/Cetus | Spotted Cetus Guard 17956 | -4/Cetus | Allies destroyed Cetus Guard 17957 | -4/Cetus | Spotted Cetus Guard 17970 | -4/Cetus | Allies destroyed Cetus Guard 17973 | -4/Cetus | Allies destroyed Cetus Guard 17976 | -4/Cetus | Allies destroyed Cetus Guard 18127 | -4/Cetus | Cetus Manufacturing Module disabled 18136 | -4/Cetus | Failed to start Cetus Manufacturing Module 18183 | -4/Cetus | Identified exit to Archives 18183 | -4/Cetus | Discovered exit to Archives (range 16) 18221 | -4/Cetus | Entered Archives 18221 | -4/Archives | Accompanied by 3 allies (A7) 18255 | -4/Archives | Local machine network offline 18323 | -4/Archives | System corruption reached 10% 18393 | -4/Archives | Identified exit to Hub_04(d) 18393 | -4/Archives | Discovered exit to Hub_04(d) (range 16) 18424 | -4/Archives | Discovered exit to Research (range 16) 18549 | -4/Archives | Discovered exit to Hub_04(d) (range 15) 18611 | -4/Archives | Entered Hub_04(d) 18611 | -4/Hub_04(d) | Accompanied by 4 allies 18792 | -4/Hub_04(d) | Discovered exit to Research (range 25) 19123 | -4/Hub_04(d) | Discovered exit to Research (range 24) 19263 | -4/Hub_04(d) | Network Hub disabled 19312 | -4/Hub_04(d) | Spotted Lightning 19354 | -4/Hub_04(d) | Spotted Lightning 19392 | -4/Hub_04(d) | Spotted Lightning 19432 | -4/Hub_04(d) | Assimilated Lightning with formatsys_high 19459 | -4/Hub_04(d) | Destroyed Lightning 19463 | -4/Hub_04(d) | Lost 3 parts (1p1u1w) 19491 | -4/Hub_04(d) | Destroyed Lightning 19504 | -4/Hub_04(d) | Found Exp. Phase Shifter 19519 | -4/Hub_04(d) | Found EMDS 19671 | -4/Hub_04(d) | Spotted Lightning 19674 | -4/Hub_04(d) | Spotted Lightning 19676 | -4/Hub_04(d) | Spotted Lightning 19678 | -4/Hub_04(d) | Network Hub disabled 19785 | -4/Hub_04(d) | Spotted Lightning 19865 | -4/Hub_04(d) | Discovered exit to Research (range 15) 19865 | -4/Hub_04(d) | Network Hub disabled 19865 | -4/Hub_04(d) | Network Hub disabled 19927 | -4/Hub_04(d) | Entered Research 19927 | -3/Research | Accompanied by 2 allies 19927 | -3/Research | Evolved 2 slots: Utility x2 19944 | -3/Research | Found Unknown Protection 19945 | -3/Research | Identified Powered Armor 19950 | -3/Research | Found Fusion Bomb Launcher 20048 | -3/Research | Found Unknown Device 20052 | -3/Research | Identified Quantum Capacitor 20101 | -3/Research | Identified exit to Garrison 20104 | -3/Research | Entered Garrison 20104 | -3/Garrison | Accompanied by 2 allies 20182 | -3/Garrison | Expanded RIF knowledge: Structural Interface 20268 | -3/Garrison | Triggered checkpoint 20320 | -3/Garrison | Found embedded Infiltrators 20324 | -3/Garrison | Garrison Relay disabled 20393 | -3/Garrison | Spotted B-86 Titan 20397 | -3/Garrison | Triggered checkpoint 20443 | -3/Garrison | Lost 3 parts (3u) 20465 | -3/Garrison | Destroyed B-86 Titan 20546 | -3/Garrison | Found Exp. EM Disruption Field 20556 | -3/Garrison | Triggered checkpoint 20565 | -3/Garrison | Found Exp. Targeting Computer 20639 | -3/Garrison | Spotted B-86 Titan 20683 | -3/Garrison | Identified exit to Research 20683 | -3/Garrison | Discovered exit to Research (range 13) 20756 | -3/Garrison | Rescued a captive Derelict 20757 | -3/Garrison | Rescued a captive Derelict 20772 | -3/Garrison | Triggered checkpoint 20836 | -3/Garrison | Q-Series assembled to engage unique threat in Research 20992 | -3/Garrison | Garrison Relay disabled 21056 | -3/Garrison | Found Antimissile System 21136 | -3/Garrison | Triggered checkpoint 21210 | -3/Garrison | Discovered exit to Research (range 14) 21222 | -3/Garrison | Triggered checkpoint 21305 | -3/Garrison | QS Assembler disabled 21328 | -3/Garrison | Found Prototype Launcher 21329 | -3/Garrison | Identified Tesla Bomb Launcher 21403 | -3/Garrison | Garrison Relay disabled 21650 | -3/Garrison | Learned Research security intel 21650 | -3/Garrison | Discovered exit to Research (range 51) 21650 | -3/Garrison | Discovered exit to Research (range 36) 21650 | -3/Garrison | Discovered exit to Research (range 37) 21714 | -3/Garrison | Triggered checkpoint 21740 | -3/Garrison | Triggered checkpoint 21982 | -3/Garrison | Garrison Relay disabled 22014 | -3/Garrison | Garrison Relay disabled 22227 | -3/Garrison | Entered Research 22227 | -2/Research | Accompanied by 11 allies 22227 | -2/Research | Evolved 2 slots: Utility x2 22249 | -2/Research | P-80 Master assimilated allied Veteran 8a 22345 | -2/Research | Assimilated ARC 9a with formatsys_deep 22413 | -2/Research | Identified exit to Garrison 22486 | -2/Research | Spotted B-90 Cyclops 22496 | -2/Research | Allies destroyed B-90 Cyclops 22569 | -2/Research | Identified exit to Quarantine 22573 | -2/Research | Repaired Powered Armor 22683 | -2/Research | Entered Garrison 22683 | -2/Garrison | Accompanied by 11 allies 22702 | -2/Garrison | Triggered checkpoint 22732 | -2/Garrison | Garrison Relay disabled 22781 | -2/Garrison | Garrison Relay disabled 22787 | -2/Garrison | P-80 Master assimilated allied Enforcer 9b 22955 | -2/Garrison | Triggered checkpoint 22955 | -2/Garrison | Triggered checkpoint 22959 | -2/Garrison | Spotted B-90 Cyclops 22988 | -2/Garrison | Allies destroyed B-90 Cyclops 23012 | -2/Garrison | Triggered checkpoint 23032 | -2/Garrison | Triggered checkpoint 23090 | -2/Garrison | Triggered checkpoint 23202 | -2/Garrison | Identified exit to Research 23202 | -2/Garrison | Discovered exit to Research (range 10) 23374 | -2/Garrison | Triggered checkpoint 23456 | -2/Garrison | Triggered checkpoint 23469 | -2/Garrison | Garrison Relay disabled 23520 | -2/Garrison | Spotted B-86 Titan 23527 | -2/Garrison | Rewired B-75 Beast 23528 | -2/Garrison | Allies destroyed B-86 Titan 23529 | -2/Garrison | Rewired B-86 Titan 23556 | -2/Garrison | Discovered exit to Research (range 15) 23625 | -2/Garrison | Discovered exit to Research (range 56) 23625 | -2/Garrison | Discovered exit to Research (range 57) 23625 | -2/Garrison | Discovered exit to Research (range 24) 23745 | -2/Garrison | Expanded RIF knowledge: Command Fork 23763 | -2/Garrison | Garrison Relay disabled 24399 | -2/Garrison | Entered Research 24399 | -2/Research | Accompanied by 18 allies 24616 | -2/Research | Allies destroyed B-90 Cyclops 24675 | -2/Research | Identified exit to Garrison 24682 | -2/Research | Entered Garrison 24682 | -2/Garrison | Accompanied by 8 allies 24808 | -2/Garrison | Triggered checkpoint 24889 | -2/Garrison | Garrison Relay disabled 24959 | -2/Garrison | Spotted B-90 Cyclops 25037 | -2/Garrison | Lost 4 parts (4u) 25069 | -2/Garrison | Assimilated ARC 9b with formatsys_deep 25069 | -2/Garrison | Assimilated ARC 9c with formatsys_deep 25073 | -2/Garrison | Triggered checkpoint 25093 | -2/Garrison | Triggered checkpoint 25233 | -2/Garrison | Destroyed B-90 Cyclops 25326 | -2/Garrison | Triggered checkpoint 25376 | -2/Garrison | Identified exit to Access 25376 | -2/Garrison | Discovered exit to Access (range 34) 25376 | -2/Garrison | Discovered exit to Access (range 24) 25376 | -2/Garrison | Discovered exit to Access (range 53) 25488 | -2/Garrison | Expanded RIF knowledge: Threat Obfuscation 25566 | -2/Garrison | Triggered checkpoint 25589 | -2/Garrison | Garrison Relay disabled 25762 | -2/Garrison | Found Relay Coupler [Proto] 25765 | -2/Garrison | Found Relay Coupler [Proto] 25768 | -2/Garrison | Found Relay Coupler [Proto] 25771 | -2/Garrison | Found Relay Coupler [Proto] 25900 | -2/Garrison | Spotted Striker 25900 | -2/Garrison | Spotted Striker 25918 | -2/Garrison | Assimilated Striker with formatsys_high 25921 | -2/Garrison | Assimilated Striker with formatsys_high 25966 | -2/Garrison | Triggered checkpoint 25978 | -2/Garrison | Garrison Relay disabled 26009 | -2/Garrison | Entered Access 26009 | -1/Access | Accompanied by 6 allies 26009 | -1/Access | Evolved 2 slots: Utility x2 26210 | -1/Access | Found Prototype Hackware 26211 | -1/Access | Identified Exp. Hacking Suite 26335 | -1/Access | Spotted B-99 Colossus 26718 | -1/Access | Crushed by falling debris 26972 | -1/Access | P-80 Master assimilated allied Enforcer 10c 27377 | -1/Access | P-80 Master assimilated allied Enforcer 10d 27657 | -1/Access | Spotted B-99 Colossus 27793 | -1/Access | Lost 4 parts (2n1u1w) 28131 | -1/Access | Identified exit to Surface 28131 | -1/Access | Identified exit to Command 28356 | -1/Access | Spotted B-99 Colossus 28508 | *** | Escaped! Last Messages --------------- 28409_ R-10 Processor inserts Imp. Terrain Scanner into recycling unit. 28410_ Recycling unit begins recycling process. 28412_ R-10 Processor inserts Adv. System Restoration Module into recycling unit. 28412_ Gamma Rifle destroyed. 28412_ Penetrated by Slug. 28416_ Connecting with Terminal... >>Layout(Zone) Retrieving Zone 4O layout... Downloaded map data. 28423_ Acquired ECM Suite. 28455_ RIF reveals location of hidden door. 28460_ Detecting nearby Garrison Access. 28466_ RIF reveals location of hidden door. 28482_ Acquired Nova Cannon. 28490_ RIF reveals location of hidden door. 28501_ Connecting with Terminal... >>Open(Door) Sealed Barrier opened. 28504_ The Access Shell folds into the floor. Map ----- +----------------------------------------------------+ | #???????????????????????????????????????? | | #????????????????????????????????????????? | | # #?#???#?????????????????????????????????? | | " #??????????????????????????????????????????? | | #??????????????????????????????????????????? | | #???????#??????????????????????????????????? | | #??#???????????????????????????????????????? | | #????????????#?????????????????????????????? | | #??????????????????????????????????????????? | | #????#???????????????????????????Y?????????? | | % #?#????#????#??????????????????????????????? | | # # "##??#??????????????????????????????????????? | | "##???????????????????????????????????????? | | # #???#???????????????????????? ?????????? | | # * #???????????????????????????? #????????? | | # #???????????????????????????? #????????? | | # ##??????????????????????????? #????????? | | # #?##????????#???????????????? #????????? | | # #???????????????????????????? #????????? | | # % #???????????????????###?????? #????????? | | " #########??########## ####### #????????? | | # " "??" #????????? | | # " BB "??" #????????? | | ########## BB "??" #????????? | | % "??" #????????? | | % % "??" "@ #????????? | | % % BB "??" "" #????????? | | % BB "??" #????????? | | #""##"+### "??" #????????? | | % # "??" """ """ #????????? | | # ????" """T""" #????????? | | !! #?####?????########## ####### #????????? | | != ##??????????????????###?????#g #????????? | | !% ##??????????????????????????# #????????? | | |! ##??????????????????????????# #????????? | | ###?????????????????????????# #????????? | | # #?????????????????????????# #????????? | | # #??????????????############ #??????? | | # #?????????? ## [ | | # #?????????? / | | # #?#???????????############+### | | ### #### ##??????#????????# #?###+### | | ??### #????????????????# #???????? | | ?#???#######??#????? ???????# ! #???????? | | #???????????????????????????# """"" #???????? | | ????????????????????????????# """"" #???????? | | ????#????#??????????????????# """"" #???????? | | ???#????????????????????????# """"" #???????? | | ????????#??????? ???????????# """"" #???????? | | ?????????#??????????????????# #???????? | +----------------------------------------------------+ Best States ------------- Heat Dissipation 78 Energy Generation 55 Energy Capacity 950 Matter Stores 457 Matter Capacity 700 Sight Range 20 Terrain Scan Range 16 Terrain Scan Density 85 ECM Strength 1 Jamming Range 12 Cloak Strength 4 Power Amplification 30 Corruption Containment 12 Armor Coverage 600 Resistance: KI 60 Resistance: TH 65 Resistance: EX 35 Resistance: EM 100 Resistance: I 35 Resistance: S 35 Resistance: P 35 Utility Shielding 66 Point Defense Rating 240 Phase Shifting 20 Evasion (%) 60 Targeting Accuracy 12 Target Analysis 5 Core Analysis 6 Recoil Reduction 4 Salvage Targeting 3 Offensive Hacking 36 Defensive Hacking 12 Relay Coupler Types 10 Relay Coupler Value 333 Item Schematics ----------------- Datajack | -9/Materials | Hacked Sensor Array | -9/Materials | Hacked Wheel | -9/Materials | Hacked Huge Storage Unit | -9/Materials | Hacked Adv. Visual Processing Unit | -8/Materials | Scanalyzed Biometal Heavy Treads | -4/Hub_04(d) | Hacked Robot Schematics ------------------ None Fabricated ------------ Nothing Alien Tech Used ----------------- None Achievements -------------- 404 Superinsulated Challenges ------------ None Game ------ Seed LargeHybridTriangulator Manual? 0 Play Time 09:40:12 Cumulative 169.7 hours Start 2023.09.26 @ 12:16:01 End 2023.09.30 @ 12:13:15 Sessions 9 Manual Loads 0 Difficulty Explorer Special Mode None Game No. 29 Rogue 18 Adventurer 8 Explorer 3 Win Type 0 Total 4 Types 4/0/0/0/0/0/0/0/0 Lore% 46 Gallery% 72 Achievement% 58 Wizard Run 0 Options --------- ASCII 0 Keyboard 0 Movement Mouse Keybinds 0 Fullscreen 2 Font 18/SmallcapsGlow Map View 76x50 Tactical HUD 1 Map Filters NONE Filters NONE Steam 1 RUN: 8d1a63b9-1200-4ac0-84d5-5ec0e2346c1e